 Dungeon Crawl Stone Soup version 0.25-a0-939-g1e880d33e3 (webtiles) character file.

Game seed: 1672845725693872134, levelgen mode: deterministic

957552 Samae the Conqueror (level 27, -11/199 HPs)
             Began as a Gargoyle Earth Elementalist on May 4, 2020.
             Was the Champion of Vehumet.
             Mangled by Xaomis the pandemonium lord (23 damage)
             ... on level 21 of a ziggurat on May 5, 2020.
             The game lasted 04:21:15 (93908 turns).

Samae the Conqueror (Gargoyle Earth Elementalist)  Turns: 93908, Time: 04:21:15

Health: -11/199    AC: 45    Str: 12    XL:     27
Magic:  48/57      EV: 26    Int: 42    God:    Vehumet [******]
Gold:   7410       SH: 12    Dex: 21    Spells: 0/80 levels left

rFire    . . .     SeeInvis +   e - +9 demon whip (elec)
rCold    + + +     Gourm    +   O - +6 buckler of Dramatic Exits {Slay+2}
rNeg     + . .     Faith    .   i - +5 steam dragon scales
rPois    ∞         Spirit   .   h - +0 mask of the Dragon {MR+ Slay+3 SInv}
rElec    +         Reflect  .   j - +2 cloak
rCorr    .         Harm     .   D - +0 pair of gloves of a bazaar {rC+ Str+2 Dex+3}
MR       +++..                  U - +2 pair of boots {Stlth+}
Stlth    ++........             Q - amulet "Oczifecs" {Gourm *Contam +Fly Int+2 Stlth+}
HPRegen  0.43/turn              f - ring of Wonder {rC+ MP+9 Int+6 Dex+8}
MPRegen  0.35/turn              X - ring "Imathel" {Ice *Corrode Str-2 Int+7 Slay+5}

@: liquid flames, very slightly contaminated, glowing, studying Stealth,
silenced
A: antennae 2, big wings, claws 1, talons 1, molten scales 1, deterioration 1,
fire resistance 1, low mp 1, negative energy resistance 1, electricity
resistance, weak 1, unbreathing, petrification resistance, rot immunity, AC +20
}: 3/15 runes: decaying, silver, gossamer
a: Fly, Renounce Religion, Evoke Flight


You were on level 21 of a ziggurat.
You worshipped Vehumet.
Vehumet was exalted by your worship.
You were full.

You visited 10 branches of the dungeon, and saw 48 of its levels.
You visited the Abyss 4 times.
You visited 2 ziggurats (completing 1), and saw 48 of their levels.
You also visited: Gauntlet, Ice Cave, Wizlab and Desolation.

You collected 12345 gold pieces.
You spent 4935 gold pieces at shops.

Inventory:

Hand Weapons
 c - the +3 Elemental Staff {rElec rF++ rC++ MR++ AC+5}
   (You found it on level 14 of a ziggurat)

   It affects your AC (+5).
   It greatly protects you from fire.
   It greatly protects you from cold.
   It insulates you from electricity.
   It affects your resistance to hostile enchantments.
 e - a +9 demon whip of electrocution (weapon)
Missiles
 I - 269 silver javelins (quivered)
Armour
 h - the +0 mask of the Dragon (worn) {MR+ Slay+3 SInv}
   (You found it on level 19 of a ziggurat)

   It affects your accuracy and damage with ranged weapons and melee attacks
   (+3).
   It affects your resistance to hostile enchantments.
   It lets you see invisible.
 i - +5 steam dragon scales (worn)
 j - a +2 cloak (worn)
 D - the +0 pair of gloves of a bazaar (worn) {rC+ Str+2 Dex+3}
   (You found it in an ice cave)

   It affects your strength (+2).
   It affects your dexterity (+3).
   It protects you from cold.
 O - the +6 buckler of Dramatic Exits (worn) {Slay+2}
   (You acquired it in a Gauntlet)

   It affects your accuracy and damage with ranged weapons and melee attacks
   (+2).
 U - a +2 pair of boots of stealth (worn)
 V - the +3 warlock's mirror {reflect}
   (You acquired it on level 20 of a ziggurat)
Jewellery
 f - the ring of Wonder (left hand) {rC+ MP+9 Int+6 Dex+8}
   (You found it on level 21 of a ziggurat)

   [ring of protection from cold]

   It affects your intelligence (+6).
   It affects your dexterity (+8).
   It protects you from cold.
   It affects your magic capacity (+9).
 n - the ring "Qisharol" {*Slow +Inv rElec rPois MR+}
   (You found it in a wizard's laboratory)

   [ring of protection from magic]

   It insulates you from electricity.
   It protects you from poison.
   It affects your resistance to hostile enchantments.
   It lets you turn invisible.
   It may slow you when you take damage.
 u - the ring of Linearity {Wiz rPois rF- rC+ Int+9}
   (You found it on level 20 of a ziggurat)

   [ring of wizardry]

   It improves your spell success rate.
   It affects your intelligence (+9).
   It makes you vulnerable to fire.
   It protects you from cold.
   It protects you from poison.
 E - the ring of the Suburbs {rN+++ Str+6 Dex-2 SInv Stlth+}
   (You found it on level 16 of a ziggurat)

   [ring of stealth]

   It affects your strength (+6).
   It affects your dexterity (-2).
   It renders you almost immune to negative energy.
   It lets you see invisible.
   It makes you more stealthy.
 H - the ring of Robustness {AC+8}
   (You found it on level 13 of a ziggurat)

   [ring of protection]

   It affects your AC (+8).
 Q - the amulet "Oczifecs" (around neck) {Gourm *Contam +Fly Int+2 Stlth+}
   (You found it on level 3 of the Elven Halls)

   [amulet of the gourmand]

   It allows you to eat raw meat even when not hungry.
   It affects your intelligence (+2).
   It lets you fly.
   It causes magical contamination when unequipped.
   It makes you more stealthy.
 W - the ring "Utziynah" {Wiz Str+4 Dex+4}
   (You found it on level 18 of a ziggurat)

   [ring of wizardry]

   It improves your spell success rate.
   It affects your strength (+4).
   It affects your dexterity (+4).
 X - the ring "Imathel" (right hand) {Ice *Corrode Str-2 Int+7 Slay+5}
   (You found it on level 2 of the Elven Halls)

   [ring of ice]

   It enhances your ice magic.
   It affects your strength (-2).
   It affects your intelligence (+7).
   It affects your accuracy and damage with ranged weapons and melee attacks
   (+5).
   It makes you vulnerable to fire.
   It protects you from cold.
   It may corrode you when you take damage.
Wands
 p - a wand of acid (32)
 t - a wand of clouds (6)
 R - a wand of iceblast (50)
Scrolls
 a - a scroll of brand weapon
 b - 11 scrolls of enchant weapon
 l - 50 scrolls of remove curse
 o - 11 scrolls of blinking
 q - 32 scrolls of fog
 r - 8 scrolls of magic mapping
 w - 2 scrolls of enchant armour
 x - 5 scrolls of summoning
 y - 9 scrolls of holy word
 A - 19 scrolls of amnesia
 L - 3 scrolls of identify
 P - 24 scrolls of teleportation
Potions
 k - 6 potions of brilliance
 m - 2 potions of berserk rage
 s - a potion of ambrosia
 v - 35 potions of mutation
 B - a potion of invisibility
 C - 5 potions of haste
 F - 5 potions of stabbing
 G - 18 potions of curing
 S - 3 potions of resistance
 T - 7 potions of heal wounds
Books
 g - a manual of Fighting
 J - a manual of Stealth
Miscellaneous
 z - 18 boxes of beasts
 K - 22 phantom mirrors
 M - a phial of floods
Comestibles
 d - 79 rations


   Skills:
 O Level 27 Fighting
 - Level 17.0 Maces & Flails
 - Level 17.0 Armour
 - Level 15.0 Dodging
 - Level 2.1 Stealth
 - Level 4.0 Shields
 O Level 27 Spellcasting
 - Level 21.2 Conjurations
 - Level 8.0 Charms
 - Level 17.1 Necromancy
 - Level 8.0 Transmutations
 - Level 22.0 Fire Magic
 - Level 22.0 Ice Magic
 + Level 10.6 Air Magic
 - Level 22.0 Earth Magic
 - Level 6.0 Evocations


You couldn't memorise any spells.
You knew the following spells:

 Your Spells              Type           Power        Failure   Level  Hunger
a - Shatter               Erth           ########..   1%          9    None
b - Absolute Zero         Ice            #########.   1%          9    None
c - Lee's Rapid Deconstr  Erth           ########..   0%          5    None
d - Iron Shot             Conj/Erth      ########..   0%          6    None
e - Necromutation         Tmut/Necr      ########..   11%         8    None
f - Fire Storm            Conj/Fire      ########..   1%          9    None
g - Ignition              Fire           ########..   1%          8    None
h - Tornado               Air            #######...   63%         9    None
i - Fireball              Conj/Fire      ########..   0%          5    None
j - Dispel Undead         Necr           ########     0%          4    None
k - Death's Door          Chrm/Necr      ########..   11%         8    None

Your spell library contained the following spells:

 Spells                   Type           Power        Failure   Level  Hunger
 Chain Lightning          Conj/Air       ########..   1%          8    None
 Animate Skeleton         Necr           N/A          0%          1    None
 Beastly Appendage        Tmut           ######       0%          1    None
 Foxfire                  Conj/Fire      ####         0%          1    None
 Freeze                   Ice            ####         0%          1    None
 Infusion                 Chrm           ####         0%          1    None
 Magic Dart               Conj           ####         0%          1    None
 Pain                     Necr           ####         0%          1    None
 Sandblast                Erth           ######       0%          1    None
 Shock                    Conj/Air       ####         0%          1    None
 Corpse Rot               Necr/Air       N/A          0%          2    None
 Ensorcelled Hibernation  Hex/Ice        ######       0%          2    None
 Passwall                 Tmut/Erth      ########     0%          2    None
 Searing Ray              Conj           ######       0%          2    None
 Song of Slaying          Chrm           #######.     0%          2    None
 Sticks to Snakes         Tmut           #######.     0%          2    None
 Swiftness                Chrm/Air       #######.     0%          2    None
 Conjure Flame            Conj/Fire      ########     0%          3    None
 Dazzling Flash           Conj/Hex       ######       0%          3    None
 Frozen Ramparts          Ice            ######       0%          3    None
 Ignite Poison            Fire/Tmut/Pois #######.     0%          3    None
 Inner Flame              Hex/Fire       #######.     0%          3    None
 Mephitic Cloud           Conj/Pois/Air  #######.     0%          3    None
 Ozocubu's Armour         Chrm/Ice       ########     0%          3    None
 Static Discharge         Conj/Air       ########     0%          3    None
 Stone Arrow              Conj/Erth      ######       0%          3    None
 Vampiric Draining        Necr           ########..   0%          3    None
 Animate Dead             Necr           N/A          0%          4    None
 Hailstorm                Conj/Ice       ########     0%          4    None
 Ice Form                 Ice/Tmut       ########     0%          4    None
 Petrify                  Tmut/Erth      ########     0%          4    None
 Sticky Flame             Conj/Fire      ########     0%          4    None
 Agony                    Necr           ########     0%          5    None
 Bolt of Magma            Conj/Fire/Erth ########..   0%          5    None
 Borgnjor's Vile Clutch   Necr/Erth      ########..   0%          5    None
 Irradiate                Conj/Tmut      ########..   0%          5    None
 Iskenderun's Battlesphe  Conj/Chrm      ########     0%          5    None
 Lightning Bolt           Conj/Air       ########..   0%          5    None
 Ozocubu's Refrigeration  Ice            #########.   0%          6    None
 Simulacrum               Ice/Necr       ########..   0%          6    None
 Starburst                Conj/Fire      ########..   0%          6    None
 Apportation              Tloc           ######       1%          1    None
 Corona                   Hex            ######.      1%          1    None
 Sting                    Tmut/Pois      ####         1%          1    None
 Summon Butterflies       Summ           ######..     1%          1    None
 Summon Small Mammal      Summ           ####         1%          1    None
 Blink                    Tloc           N/A          1%          2    None
 Call Imp                 Summ           ######..     1%          2    None
 Poisonous Vapours        Pois/Air       ######       1%          2    None
 Shroud of Golubria       Chrm/Tloc      ######       1%          2    None
 Slow                     Hex            ######..     1%          2    None
 Call Canine Familiar     Summ           ######..     1%          3    None
 Confusing Touch          Hex            ######..     1%          3    None
 Gell's Gravitas          Tloc           ######....   1%          3    None
 Lesser Beckoning         Tloc           ######....   1%          3    None
 Portal Projectile        Hex/Tloc       ######       1%          3    None
 Recall                   Summ/Tloc      N/A          1%          3    None
 Spectral Weapon          Hex/Chrm       ######..     1%          3    None
 Spider Form              Tmut/Pois      ######....   1%          3    None
 Summon Guardian Golem    Hex/Summ       ######..     1%          3    None
 Teleport Other           Tloc           ######..     1%          3    None
 Tukima's Dance           Hex            ######..     1%          3    None
 Airstrike                Air            #######...   1%          4    None
 Fulminant Prism          Conj/Hex       #######...   1%          4    None
 Iskenderun's Mystic Bla  Conj/Tloc      #######.     1%          4    None
 Leda's Liquefaction      Hex/Erth       #######...   1%          4    None
 Olgreb's Toxic Radiance  Pois           ######..     1%          4    None
 Summon Ice Beast         Ice/Summ       ########     1%          4    None
 Summon Lightning Spire   Summ/Air       #######.     1%          4    None
 Alistair's Intoxication  Tmut/Pois      ######..     1%          5    None
 Blade Hands              Tmut           #######...   1%          5    None
 Excruciating Wounds      Chrm/Necr      ########..   1%          5    None
 Metabolic Englaciation   Hex/Ice        ########..   1%          5    None
 Silence                  Hex/Air        #######...   1%          5    None
 Yara's Violent Unravell  Hex/Tmut       ######....   1%          5    None
 Conjure Ball Lightning   Conj/Air       ########..   1%          6    None
 Death Channel            Necr           ########..   1%          6    None
 Freezing Cloud           Conj/Ice/Air   ########..   1%          6    None
 Hydra Form               Tmut           #######...   1%          6    None
 Orb of Destruction       Conj           ########..   1%          7    None
 Ring of Flames           Chrm/Fire      ########..   1%          7    None
 Spellforged Servitor     Conj/Summ      #######...   1%          7    None
 Borgnjor's Revivificati  Necr           ########..   1%          8    None
 Infestation              Necr           ########..   1%          8    None
 Lehudib's Crystal Spear  Conj/Erth      ########..   1%          8    None
 Cause Fear               Hex            ######....   2%          4    None
 Passage of Golubria      Tloc           N/A          2%          4    None
 Haunt                    Necr/Summ      #######...   7%          7    None
 Aura of Abjuration       Summ           ######....   8%          5    None
 Summon Demon             Summ           ######....   8%          5    None
 Summon Forest            Summ/Tloc      ######....   8%          5    None
 Summon Mana Viper        Hex/Summ       ######..     8%          5    None
 Eringya's Noxious Bog    Tmut/Pois      ######....   8%          6    None
 Dragon Form              Tmut           #######...   9%          7    None
 Darkness                 Hex            ######....   38%         6    None
 Dispersal                Tloc           ######....   38%         6    None
 Invisibility             Hex            ######..     38%         6    None
 Shadow Creatures         Summ           N/A          38%         6    None
 Malign Gateway           Summ/Tloc      ######....   92%         7    None
 Summon Hydra             Summ           ######....   92%         7    None
 Controlled Blink         Tloc           N/A          100%        8    None
 Discord                  Hex            ######....   100%        8    None
 Disjunction              Tloc           ######....   100%        8    None
 Dragon's Call            Summ           ######....   100%        9    None
 Sublimation of Blood     Necr           Unusable     N/A         2    N/A
 Statue Form              Tmut/Erth      Unusable     N/A         6    N/A

Dungeon Overview and Level Annotations

Branches:
Dungeon (15/15)            Temple (1/1) D:6            Lair (6/6) D:9
  Swamp (4/4) Lair:2       Spider (4/4) Lair:2        Slime (0/5) Lair:6
    Orc (2/2) D:10            Elf (3/3) Orc:2        Vaults (5/5) D:13
  Crypt (3/3) Vaults:3       Tomb (0/3) Crypt:3      Depths (5/5) D:15
    Zot (0/5) Depths:5      IceCv (visited)          WizLab (visited)
Desolation (visited)      Gauntlet (visited)

Altars:
Ashenzari
Cheibriados
Dithmenos
Elyvilon
Fedhas
Gozag
Hepliaklqana
Kikubaaqudgha
Makhleb
Nemelex Xobeh
Okawaru
Qazlal
Ru
Sif Muna
Trog
Uskayaw
Vehumet
Wu Jian
Xom
Yredelemnul
Zin
The Shining One
Jiyva

Shops:
D:8 *   D:13 [   D:14 [   Orc:1 }   Orc:2 =}[=   Elf:1 (   Elf:3 (*
Vaults:1 (   Vaults:3 =   Vaults:4 :   Vaults:5 [}   Depths:1 %   Depths:2 }}=

Portals:
Hell: Depths:1 Depths:2 Depths:3 Depths:4 Depths:5
Abyss: Depths:4
Pandemonium: Depths:3

Annotations:
D:9 2 transporters, subsebi's ghost, novice DsCK
Elf:2 3 runed translucent doors
Crypt:3 2 transporters


Innate Abilities, Weirdness & Mutations

You are resistant to torment.
Your stone body is resilient. (AC +20)
You are immune to poison.
Your large and strong wings let you fly indefinitely.
You resist negative energy. (rN+)
You are resistant to electric shocks. (rElec)
You can survive without breathing.
You are immune to petrification.
You are immune to rotting.
You have a pair of antennae on your head.
You have sharp fingernails.
You have sharp toenails.
You are partially covered in molten scales. (AC +2)
Your body sometimes deteriorates upon taking damage.
Your flesh is heat resistant. (rF+)
Your magical capacity is low. (-10% MP)
You are weak. (Str -2)


Message History

Unknown command.
Unknown command.
Okay, then.
Unknown command.
Unknown command.
Evoke which item? (* to show all) (? for menu, Esc to quit)
Okay, then.
Unknown command.
You feel much better.
You are covered in liquid flames!
* * * LOW HITPOINT WARNING * * *
The ettin changes into a queen ant!
Inuos gestures.
You block Pykkeb's attack. Xiall hits you but does no damage.
Locwehent hits you but does no damage. Vufo Rida hits you!!
* * * LOW HITPOINT WARNING * * *
You writhe in agony.
* * * LOW HITPOINT WARNING * * *
Xaomis hits you!!
You die...

▓▓...............▓▓
▓▓.................▓▓
▓▓.........s...s....:▓
▓▓............†......=)
▓▓.............&2.†...?"
▓.........).....&)....}[
.............†.&&&..†.})
∩...........).&&@&u†..a?
...............&&u&...}[
▓..............p&..†..))
▓▓..............&.....}"
▓▓...................:[
▓▓...............§...▓
▓▓.................▓▓
▓▓...............▓▓


You could see Dosmicae, Ejuc, Inuos, Julita, Lekooron, Locwehent, Odauluacs,
Osauzad, Pykkeb, Tonk, Vufo Rida, Xaomis, Xiall, a Killer Klown, 2 very ugly
things, a balrug, a queen ant shaped shifter and 2 demonic crawlers.

Vanquished Creatures
  12 ancient liches
  9 juggernauts (Zig:24)
  The ghost of tmanko2 the Axe Maniac, a legendary HOFi of Gozag (Zig:4)
  Boris (twice) (Vaults:5 Depths:5)
  21 greater mummies
  The ghost of Zaowoih the Warrior, a veteran GrFi of the Shining One (Crypt:3)
  Sojobo (Vaults:2)
  Frederick (Depths:3)
  5 shard shrikes
  Margery (Vaults:2)
  Bai Suzhen (Spider:2)
  the Lernaean hydra (Swamp:4)
  9 pandemonium lords
  8 Killer Klowns
  A curse toe (Zig:17)
  Saint Roka (Vaults:1)
  7 golden dragons
  3 caustic shrikes
  Nikola (Vaults:3)
  Jory (Vaults:3)
  A mutant beast (WizLab)
  A profane servitor (Zig:16)
  3 Brimstone Fiends (Zig:18)
  14 bone dragons
  3 doom hounds
  3 iron giants
  3 Tzitzimimeh
  An electric golem (Zig:3)
  14 liches
  2 hellephants
  Rupert (Lair:3)
  13 tentacled monstrosities
  5 Ice Fiends
  Jorgrun (D:12)
  Asterion (Vaults:1)
  5 Hell Sentinels
  5 titans
  4 deep elf blademasters
  4 quicksilver dragons
  11 acid blobs
  9 deep elf master archers
  3 quicksilver dragons (shapeshifter)
  7 sphinxes
  A sphinx (shapeshifter) (Zig:21)
  11 tentacled starspawn
  Agnes (Spider:3)
  6 thorn hunters
  5 Executioners
  Frances (D:14)
  18 ancient champions
  9 tengu reavers
  5 storm dragons
  Donald (Swamp:1)
  Gastronok (Lair:2)
  A shadow dragon (shapeshifter) (Zig:21)
  8 shadow dragons
  12 revenants
  5 azure jellies
  52 nagarajas
  An azure jelly (shapeshifter) (Zig:21)
  The ghost of Aaksess the Nimble, an adept KoHu of Gozag (Swamp:1)
  Roxanne (D:15)
  10 fire giants
  14 draconian knights
  13 frost giants
  5 draconian monks (Zig:25)
  14 deep elf sorcerers
  4 draconian scorchers (Zig:25)
  6 cacodemons
  Aizul (Vaults:3)
  Louise (Spider:1)
  24 vault wardens
  23 ghost moths
  3 imperial myrmidons (Desolation)
  3 iron dragons
  A caustic shrike zombie (Zig:22)
  An angel (Zig:11)
  10 emperor scorpions
  8 draconian shifters
  12 orc warlords
  6 draconian stormcallers (Zig:25)
  The ghost of Jyny the Eclecticist, an adept DEVM of Sif Muna (Elf:2)
  3 deep elf elementalists (Elf:3)
  5 balrugs
  4 juggernaut zombies
  9 ghouls
  5 curse skulls
  11 draconian annihilators
  3 spriggan defenders
  2 bennus (Zig:19)
  39 stone giants
  3 blood saints (Zig:18)
  18 ironheart preservers
  8 war gargoyles
  46 very ugly things
  12 reapers
  15 entropy weavers
  5 green draconians
  10 deep elf demonologists
  20 vampire knights
  Nessos (Orc:2)
  4 corrupters
  28 starcursed masses
  Azrael (Spider:3)
  4 black suns
  3 lorocyprocas (Zig:18)
  4 white draconians
  2 black draconians (Zig:25)
  A minotaur (Gauntlet)
  13 deep elf annihilators
  2 halazid warlocks (Desolation)
  4 purple draconians
  3 red draconians (Zig:25)
  A dire elephant (shapeshifter) (Zig:21)
  11 spark wasps
  4 yellow draconians
  17 merfolk javelineers
  5 eidola
  15 green deaths
  19 mummy priests
  16 deep elf death magi
  3 death oozes
  14 ettins
  17 jiangshi
  2 crystal guardians
  A quicksilver dragon zombie (Zig:17)
  Erolcha (D:11)
  5 blizzard demons
  8 merfolk impalers
  23 yaktaur captains
  10 deep elf high priests
  10 fire dragons
  5 great orbs of eyes
  2 quicksilver dragon skeletons
  5 ragged hierophants (Desolation)
  16 shambling mangroves
  30 vault guards
  13 ice dragons
  7 servants of whispers
  5 hell beasts
  A caustic shrike simulacrum (Zig:20)
  A monstrous demonspawn (Zig:6)
  6 rakshasas
  9 peacekeepers (Desolation)
  4 merfolk avatars
  5 naga warriors
  42 hydras
  A catoblepas (Lair:5)
  4 spriggan air magi
  Erica (D:11)
  16 centaur warriors
  11 anacondas
  15 merfolk aquamancers
  36 two-headed ogres
  2 alligator snapping turtles
  A queen ant (shapeshifter) (Abyss:3)
  2 anacondas (shapeshifter)
  12 ogre magi
  8 death knights
  15 vampire magi
  6 ghost crabs
  3 satyrs
  A two-headed ogre (shapeshifter) (WizLab)
  17 alligators
  7 death scarabs
  A queen ant (Spider:1)
  4 deep troll shamans
  8 deep troll earth magi
  11 naga sharpshooters
  7 spriggan berserkers
  5 tengu warriors
  30 dancing weapons
  12 orc high priests
  7 thrashing horrors
  5 soul eaters
  An iron golem (WizLab)
  11 shock serpents
  37 deep elf knights
  Urug (Orc:2)
  3 sun demons
  2 storm dragon zombies
  2 sixfirhies
  18 hell knights
  A titan skeleton (Zig:17)
  9 iron trolls
  2 salamander mystics (Zig:27)
  31 skeletal warriors
  15 wretched stars
  46 large abominations
  11 shadow wraiths
  A quicksilver dragon simulacrum (Crypt:1)
  2 spark wasp zombies
  8 death drakes
  A fire crab (shapeshifter) (WizLab)
  7 sea snakes (Zig:26)
  A sea snake (shapeshifter) (Vaults:5)
  6 wizards
  5 golden dragon zombies
  An infernal demonspawn (Depths:3)
  17 deep trolls
  6 spatial maelstroms
  An unseen horror (shapeshifter) (WizLab)
  A glowing orange brain (shapeshifter) (Zig:21)
  3 spriggan druids
  34 deep elf archers
  3 glowing orange brains
  17 ironbrand convokers
  20 swamp dragons
  6 shadow demons
  4 obsidian statues
  5 unseen horrors
  An anaconda zombie (Crypt:3)
  21 flayed ghosts
  3 orange crystal statues
  15 phantasmal warriors
  A swamp dragon (shapeshifter) (Zig:18)
  5 naga ritualists
  25 harpies
  4 sphinx zombies
  4 harpies (shapeshifter)
  3 shadow dragon zombies
  2 golden dragon skeletons (Zig:17)
  105 deep elf magi
  10 mana vipers
  9 necromancers
  A wolf spider zombie (D:15)
  24 orb spiders
  2 wolf spiders (shapeshifter)
  56 wolf spiders
  13 orc sorcerers
  2 salamanders
  A lindwurm (shapeshifter) (Zig:18)
  33 orc knights
  A stone giant zombie (Crypt:3)
  3 oklob plants
  A cyclops (shapeshifter) (Zig:18)
  A mana viper (shapeshifter) (Zig:9)
  3 iron dragon zombies
  11 cyclopes
  3 shadow dragon skeletons
  4 worldbinders
  3 manticores (shapeshifter)
  4 fauns
  A fire giant skeleton (Vaults:5)
  15 manticores
  2 tengu skeletons
  A fire giant zombie (Vaults:5)
  13 moths of wrath
  77 ugly things
  2 sphinx skeletons (Zig:17)
  3 salamanders (shapeshifter)
  4 merfolk sirens (Zig:26)
  34 black mambas
  2 iron dragon skeletons
  2 shining eyes (Zig:4)
  15 elephants
  22 guardian serpents
  3 frost giant zombies
  A human skeleton (Vaults:4)
  2 frost giant skeletons
  3 water nymphs (shapeshifter)
  4 orange demons
  2 stone giant skeletons
  9 smoke demons
  11 water nymphs (Zig:26)
  6 guardian serpents (shapeshifter)
  7 rust devils
  15 vault sentinels
  15 naga magi
  7 torpor snails
  A spriggan zombie (Zig:22)
  A storm dragon simulacrum (Crypt:3)
  7 apocalypse crabs
  An eye of devastation (shapeshifter) (Zig:21)
  2 ice statues
  3 centaur skeletons
  3 spiny frogs (shapeshifter)
  A molten gargoyle (Desolation)
  2 eyes of devastation (Zig:12)
  2 gargoyles (D:15)
  A yellow draconian zombie (Crypt:1)
  4 torpor snails (shapeshifter)
  9 hellions
  36 spiny frogs
  6 rime drakes
  21 freezing wraiths
  A human zombie (Vaults:4)
  5 komodo dragons
  3 kobold demonologists
  3 efreet
  An elf (WizLab)
  A yaktaur (shapeshifter) (WizLab)
  A rime drake (shapeshifter) (Vaults:1)
  16 tormentors
  57 yaktaurs
  5 anaconda simulacra
  25 demonic crawlers
  2 elf skeletons
  2 komodo dragons (shapeshifter)
  A white draconian zombie (Crypt:3)
  34 guardian mummies
  A black draconian zombie (Crypt:3)
  5 hellwings
  2 red devils
  12 ice devils
  3 tengu conjurers
  2 tengu simulacra (Zig:20)
  14 ancient zymes
  2 hydra zombies
  A golden dragon simulacrum (IceCv)
  2 silent spectres
  2 wind drakes (Zig:26)
  5 meliai (Abyss:5)
  15 trolls
  32 merfolk
  2 polar bears (Lair:5)
  A polar bear (shapeshifter) (Zig:21)
  2 hornets (shapeshifter)
  57 jumping spiders
  38 saltlings
  26 tyrant leeches
  55 hornets
  A merfolk (shapeshifter) (Vaults:5)
  A wind drake (shapeshifter) (Zig:21)
  2 snapping turtles (shapeshifter)
  26 blink frogs
  A moth of wrath zombie (Crypt:1)
  A blink frog (shapeshifter) (Abyss:3)
  18 bog bodies
  A dream sheep (shapeshifter) (WizLab)
  A fire dragon zombie (Crypt:3)
  A harpy skeleton (D:13)
  8 elf zombies
  5 raiju (shapeshifter)
  69 slime creatures
  20 raiju
  2 hippogriffs (shapeshifter)
  An ice dragon zombie (Crypt:3)
  7 hippogriffs
  A snapping turtle (Zig:26)
  A fire giant simulacrum (Zig:11)
  An alligator skeleton (Crypt:3)
  25 flying skulls
  10 shadows
  Sigmund (D:5)
  3 vampires
  13 spriggans
  An ice dragon skeleton (Crypt:3)
  47 yaks
  A fire dragon skeleton (Crypt:1)
  48 tarantellas
  92 redbacks
  A tarantella (shapeshifter) (Vaults:1)
  3 dire elephant simulacra
  6 air elementals
  18 wraiths
  10 ynoxinuls
  15 ushabtiu
  2 wyverns
  30 water elementals
  2 golden eyes (shapeshifter) (WizLab)
  5 golden eyes
  13 humans
  15 fire elementals
  2 basilisks
  2 steam dragons
  28 small abominations
  A yaktaur simulacrum (Vaults:1)
  Grum (Lair:1)
  26 vampire mosquitoes
  3 basilisks (shapeshifter)
  13 chaos spawn
  A death yak simulacrum (IceCv)
  A hungry ghost (Abyss:2)
  A deep troll zombie (Crypt:1)
  14 neqoxecs
  A swamp worm (shapeshifter) (Depths:1)
  An iron troll simulacrum (IceCv)
  A naga (shapeshifter) (Abyss:3)
  9 soldier ants
  15 wargs
  A faun zombie (Crypt:2)
  9 nagas
  3 harpy simulacra (IceCv)
  A merfolk zombie (Crypt:1)
  6 spatial vortices (Abyss:5)
  13 swamp worms
  32 insubstantial wisps
  2 water moccasins (shapeshifter)
  3 hydra simulacra (IceCv)
  6 floating eyes
  5 hell hounds
  An acid dragon (Vaults:2)
  An acid dragon (shapeshifter) (Abyss:3)
  A two-headed ogre skeleton (Crypt:2)
  5 porcupines
  8 water moccasins
  Duvessa (D:6)
  A monstrous demonspawn skeleton (Crypt:2)
  16 swamp drakes
  A floating eye (shapeshifter) (Zig:18)
  A torturous demonspawn skeleton (Crypt:3)
  64 orc warriors
  10 eyes of draining
  2 black bears
  An eye of draining (shapeshifter) (WizLab)
  3 sky beasts
  2 black bears (shapeshifter)
  An elephant zombie (Crypt:1)
  A swamp dragon zombie (Crypt:1)
  4 necrophages
  9 ice beasts
  2 ettin simulacra
  9 wolves (Lair:1)
  5 phantoms
  9 boggarts
  55 ogres
  11 centaurs
  15 crocodiles
  A fire crab zombie (Crypt:2)
  A hog skeleton (Crypt:2)
  2 big kobolds
  2 gnoll sergeants
  28 bullfrogs
  2 wyvern zombies
  Dowan (D:6)
  8 earth elementals
  3 wyvern skeletons
  A hornet simulacrum (D:13)
  A scorpion (shapeshifter) (Abyss:3)
  6 scorpions
  13 killer bees
  A manticore simulacrum (Crypt:3)
  3 elf simulacra
  An elephant simulacrum (IceCv)
  A polar bear skeleton (Crypt:3)
  14 wights
  A howler monkey (shapeshifter) (Abyss:3)
  7 electric eels
  2 howler monkeys
  16 crimson imps
  A jelly (shapeshifter) (Abyss:3)
  A human simulacrum (Vaults:4)
  5 jellies
  2 quasits (Abyss:2)
  3 centaur zombies
  2 draconian simulacra (IceCv)
  15 iron imps
  5 hounds
  A hound (shapeshifter) (Vaults:3)
  22 orc priests
  2 bullfrog skeletons (D:8)
  27 orc wizards
  7 iguanas
  A polar bear simulacrum (IceCv)
  A statue (D:8)
  3 troll simulacra (IceCv)
  27 worker ants
  4 spriggan simulacra
  A killer bee zombie (D:5)
  2 wolf simulacra (IceCv)
  3 tengu zombies
  2 centaur simulacra (IceCv)
  An ogre zombie (Crypt:1)
  A crocodile skeleton (Crypt:1)
  A naga skeleton (Crypt:3)
  A dwarf skeleton (Crypt:3)
  57 mummies
  2 worker ant zombies
  14 gnolls
  4 naga simulacra (IceCv)
  14 adders
  3 gnolls (shapeshifter) (Abyss:3)
  3 ogre simulacra (IceCv)
  A river rat (shapeshifter) (Abyss:3)
  14 shadow imps
  12 white imps
  2 ufetubi
  An ooze (D:2)
  An ooze (shapeshifter) (Abyss:3)
  3 adder skeletons
  3 worms
  A barachi zombie (Crypt:3)
  5 dart slugs
  8 leopard geckos
  107 orcs
  An orc (shapeshifter) (Abyss:3)
  A giant cockroach (shapeshifter) (Abyss:3)
  3 giant cockroaches
  11 goblins
  2 hobgoblins (shapeshifter) (Abyss:3)
  7 hobgoblins
  3 quokkas
  A quokka (shapeshifter) (Abyss:3)
  4 ball pythons
  6 bats
  2 frilled lizards
  A gnoll zombie (Crypt:1)
  A hobgoblin zombie (Crypt:2)
  A jackal skeleton (D:4)
  A jackal zombie (Crypt:1)
  18 kobolds
  A leopard gecko skeleton (D:4)
  2 quokka zombies
  4 rats
  29 briar patches
  3 crawling corpses (Elf:3)
  5 fire vortices (Zig:12)
  8 plants
  4 starspawn tentacles
  2 withered plants (Crypt:3)
4498 creatures vanquished.

Vanquished Creatures (collateral kills)
  Mennas (Vaults:3)
  Mara (Vaults:2)
  A great orb of eyes (Vaults:2)
  A slime creature (Zig:12)
4 creatures vanquished.

Vanquished Creatures (others)
  A draconian monk (Zig:25)
  A nagaraja (Zig:27)
  A blizzard demon (IceCv)
  A vault guard (D:13)
  A deep elf mage (Elf:3)
  A wolf spider (Spider:3)
  A black mamba (Zig:27)
  A demonic crawler (Spider:1)
  A troll (Orc:2)
  A tyrant leech (Swamp:4)
  A hornet (Zig:9)
  A water elemental (Abyss:5)
  A neqoxec (Zig:18)
  An orc wizard (Orc:2)
  A howler monkey skeleton (D:8)
  2 white imps (IceCv)
  4 ufetubi (IceCv)
  An orc (Orc:2)
  A briar patch (Zig:13)
  2 fire vortices (Zig:12)
  18 fungi
  40 plants
  9 starspawn tentacles
  24 withered plants
116 creatures vanquished.

Grand Total: 4618 creatures vanquished

Notes
Turn   | Place    | Note
-------+----------+-------------------------------------------
     0 | D:1      | Samae the Gargoyle Earth Elementalist began the quest for
                  | the Orb.
     0 | D:1      | Reached XP level 1. HP: 10/10 MP: 3/3
    82 | D:1      | Reached XP level 2. HP: 9/15 MP: 1/5
   599 | D:1      | Reached XP level 3. HP: 19/19 MP: 6/6
   604 | D:1      | Learned a level 3 spell: Stone Arrow
  1584 | D:2      | Reached skill level 1 in Conjurations
  1752 | D:2      | Reached XP level 4. HP: 20/24 MP: 8/8
  1927 | D:2      | Found a sacrificial altar of Ru.
  2054 | D:3      | Noticed an ogre
  2058 | D:3      | Killed an ogre
  2058 | D:3      | Reached skill level 5 in Earth Magic
  2058 | D:3      | Reached XP level 5. HP: 28/28 MP: 6/10
  2602 | D:3      | Found a sacrificial altar of Ru.
  2637 | D:3      | Found a faded altar of an unknown god.
  3011 | D:4      | Reached XP level 6. HP: 25/32 MP: 9/11
  3545 | D:4      | Reached XP level 7. HP: 30/36 MP: 3/13
  4256 | D:5      | Entered Level 5 of the Dungeon
  4262 | D:5      | Noticed Sigmund
  4303 | D:5      | Killed Sigmund
  4439 | D:5      | Learned a level 3 spell: Mephitic Cloud
  4445 | D:5      | Learned a level 5 spell: Lee's Rapid Deconstruction
  4762 | D:5      | Found a bloodstained altar of Trog.
  4854 | D:5      | Reached XP level 8. HP: 22/42 MP: 15/15
  5460 | D:5      | Found an opulent altar of Gozag.
  5645 | D:5      | Reached skill level 1 in Fighting
  5662 | D:5      | Reached skill level 1 in Armour
  5662 | D:5      | Reached skill level 5 in Spellcasting
  5666 | D:5      | Reached skill level 1 in Maces & Flails
  5666 | D:5      | Reached skill level 1 in Evocations
  5668 | D:5      | Reached skill level 5 in Conjurations
  6143 | D:6      | Noticed Dowan
  6146 | D:6      | Noticed Duvessa
  6156 | D:6      | Killed Duvessa
  6164 | D:6      | Killed Dowan
  6246 | D:6      | Found a staircase to the Ecumenical Temple.
  6254 | Temple   | Entered the Ecumenical Temple
  6755 | D:6      | Noticed a +0 dagger
  6755 | D:6      | Noticed a +0 hand axe
  6897 | D:6      | Reached XP level 9. HP: 49/49 MP: 15/17
  6926 | D:6      | Found a hide-covered altar of Uskayaw.
  6928 | D:6      | Identified the +3 falchion of Xepuwemebb {flame, rC- MR++
                  | Str+2}
  8056 | D:7      | Found a stormy altar of Qazlal.
  8991 | D:8      | Found Sepla's Assorted Antiques.
  9010 | D:8      | Bought a scroll of identify for 64 gold pieces
  9010 | D:8      | Bought a metallic golden potion for 28 gold pieces
  9393 | D:8      | Found a radiant altar of Vehumet.
  9438 | D:8      | Became a worshipper of Vehumet
  9622 | D:8      | Reached XP level 10. HP: 56/56 MP: 16/19
 10182 | D:8      | Noticed a manticore
 10186 | D:8      | Killed a manticore
 10472 | D:8      | Reached * piety under Vehumet
 10472 | D:8      | Offered knowledge of Shock by Vehumet.
 10628 | D:9      | Found a staircase to the Lair.
 10679 | D:9      | Found a transporter.
 10685 | D:9      | Noticed subsebi's ghost (novice DsCK)
 10755 | D:9      | Found a transporter.
 11064 | D:9      | Reached skill level 5 in Fighting
 11064 | D:9      | Reached skill level 5 in Armour
 11367 | D:10     | Entered Level 10 of the Dungeon
 11460 | D:10     | Found a staircase to the Orcish Mines.
 12107 | D:11     | Gained mutation: You have sharp toenails. [potion of
                  | mutation]
 12107 | D:11     | Gained mutation: You are partially covered in molten
                  | scales. (AC +2) [potion of mutation]
 12107 | D:11     | Gained mutation: You have a pair of small antennae on your
                  | head. [potion of mutation]
 12107 | D:11     | Gained mutation: You have a pair of antennae on your head.
                  | [potion of mutation]
 12117 | D:11     | Noticed a two-headed ogre
 12133 | D:11     | Reached XP level 11. HP: 54/64 MP: 12/21
 12155 | D:11     | Killed a two-headed ogre
 12155 | D:11     | Reached skill level 5 in Maces & Flails
 12157 | D:11     | Noticed a six-headed hydra
 12247 | D:11     | Offered knowledge of Searing Ray by Vehumet.
 12391 | D:11     | Noticed Erica
 12398 | D:11     | Killed Erica
 12452 | D:11     | Reached ** piety under Vehumet
 12625 | D:11     | Found a white marble altar of Elyvilon.
 12888 | D:11     | Noticed an unseen horror
 12899 | D:11     | Killed an unseen horror
 13008 | D:11     | Noticed a purple ugly thing
 13026 | D:11     | Killed a purple ugly thing
 13204 | D:11     | Killed a six-headed hydra
 13204 | D:11     | Reached skill level 5 in Dodging
 13204 | D:11     | Reached skill level 5 in Evocations
 13671 | D:11     | Noticed Erolcha
 13674 | D:11     | Killed Erolcha
 13769 | D:11     | Noticed an orc knight
 13775 | D:11     | Killed an orc knight
 13775 | D:11     | Reached skill level 10 in Earth Magic
 13901 | D:12     | Noticed a white ugly thing
 13918 | D:12     | Killed a white ugly thing
 13918 | D:12     | Offered knowledge of Frozen Ramparts by Vehumet.
 13918 | D:12     | Reached XP level 12. HP: 48/71 MP: 13/23
 14256 | D:12     | Identified the +7 quarterstaff of Conscience {flame, rElec
                  | rF- rN+}
 14477 | D:12     | Reached *** piety under Vehumet
 14959 | D:12     | Noticed a centaur warrior
 14968 | D:12     | Killed a centaur warrior
 15198 | D:12     | Offered knowledge of Olgreb's Toxic Radiance by Vehumet.
 15265 | D:12     | Noticed Jorgrun
 15273 | D:12     | Killed Jorgrun
 15436 | D:12     | Got a pair of bloodstained gloves
 15442 | D:12     | Identified the +1 pair of gloves of the Endless Yaks {rPois
                  | Dex+2 Slay-5 Stlth+} (You found it on level 12 of the
                  | Dungeon)
 16288 | D:13     | Reached **** piety under Vehumet
 16327 | D:13     | Reached XP level 13. HP: 47/78 MP: 25/25
 16452 | D:13     | Killed a vault guard
 16588 | D:13     | Found Ucism's Antique Armour Boutique.
 16594 | D:13     | Bought a pair of embroidered gloves for 277 gold pieces
 16656 | D:13     | Offered knowledge of Ignite Poison by Vehumet.
 17476 | D:13     | Found a gate to the Vaults.
 17550 | D:13     | Identified the +8 great mace of Ruination {vamp, Str+3}
 17669 | D:14     | Noticed Frances
 18050 | D:14     | Reached ***** piety under Vehumet
 18163 | D:14     | Offered knowledge of Freezing Cloud by Vehumet.
 18164 | D:14     | Reached skill level 10 in Conjurations
 18311 | D:14     | Killed Frances
 18652 | D:14     | Found Zelof's Armour Shoppe.
 18832 | D:14     | Gained mutation: Your large and strong wings let you fly
                  | indefinitely. [Gargoyle growth]
 18832 | D:14     | Reached XP level 14. HP: 86/86 MP: 22/27
 19695 | Lair:1   | Entered Level 1 of the Lair of Beasts
 20135 | Lair:1   | Noticed Grum
 20147 | Lair:1   | Killed Grum
 20834 | Lair:2   | Found a hole to the Spider Nest.
 20883 | Lair:2   | Noticed Gastronok
 20901 | Lair:2   | Found a staircase to the Swamp.
 20905 | Lair:2   | Killed Gastronok
 21268 | Lair:2   | Reached skill level 10 in Fighting
 22275 | Lair:3   | Noticed Rupert
 22277 | Lair:3   | Paralysed by Rupert for 5 turns
 22288 | Lair:3   | Killed Rupert
 22288 | Lair:3   | Reached skill level 10 in Spellcasting
 22449 | Lair:3   | Offered knowledge of Bolt of Magma by Vehumet.
 22456 | Lair:3   | Learned a level 5 spell: Bolt of Magma
 23583 | Lair:4   | Reached XP level 15. HP: 92/92 MP: 29/29
 23584 | Lair:4   | Reached XP level 16. HP: 98/98 MP: 29/31
 24227 | Lair:5   | Found a gate leading to a gauntlet.
 24239 | Gauntlet | Entered a Gauntlet
 24239 | Gauntlet | Found a transporter.
 24239 | Gauntlet | Found a transporter.
 24255 | Gauntlet | Found a transporter.
 24259 | Gauntlet | Found a transporter.
 24271 | Gauntlet | Found a transporter.
 24291 | Gauntlet | Found a transporter.
 24302 | Gauntlet | Found a transporter.
 24308 | Gauntlet | Found a transporter.
 24316 | Gauntlet | Found a transporter.
 24352 | Gauntlet | Found a transporter.
 24377 | Gauntlet | Found a transporter.
 24394 | Gauntlet | Found a transporter.
 24653 | Gauntlet | Identified the +12 war axe "Spiderslayer" {speed, Fragile
                  | MR+ Str+5 Int+3}
 24679 | Gauntlet | Identified the Disquisition on Flames
 24684 | Gauntlet | Identified 3 scrolls of acquirement
 24684 | Gauntlet | Identified the amulet "Huekerom" {Spirit *Slow rF+ Dex+4
                  | SInv} (You acquired it in a Gauntlet)
 24688 | Gauntlet | Identified the +6 buckler of Dramatic Exits {Slay+2} (You
                  | acquired it in a Gauntlet)
 24789 | Lair:5   | Reached skill level 1 in Shields
 24836 | Lair:5   | Learned a level 5 spell: Irradiate
 25554 | Lair:6   | Entered Level 6 of the Lair of Beasts
 25604 | Lair:6   | Offered knowledge of Ozocubu's Refrigeration by Vehumet.
 25658 | Lair:6   | Reached skill level 1 in Fire Magic
 26652 | Lair:6   | Found a staircase to the Slime Pits.
 26652 | Lair:6   | Found a viscous altar of Jiyva.
 27144 | Orc:1    | Entered Level 1 of the Orcish Mines
 27144 | Orc:1    | Found a radiant altar of Vehumet.
 27167 | Orc:1    | Reached skill level 10 in Maces & Flails
 27353 | Orc:2    | Entered Level 2 of the Orcish Mines
 27369 | Orc:2    | Noticed Nessos
 27530 | Orc:2    | Killed Nessos
 28076 | Orc:2    | Found a staircase to the Elven Halls.
 28211 | Orc:2    | Noticed Urug
 28222 | Orc:2    | Killed Urug
 29049 | Orc:2    | Paralysed by an orc sorcerer for 6 turns
 29077 | Orc:2    | HP: 1/99 [orc high priest/divine providence (12)]
 29656 | Orc:2    | Offered knowledge of Starburst by Vehumet.
 30026 | Orc:2    | Found Koene's Jewellery Shop.
 30026 | Orc:2    | Found Zuizoiwk's Jewellery Emporium.
 30031 | Orc:2    | Found Itoigeff's Armour Shop.
 30031 | Orc:2    | Found Wuehu's Gadget Emporium.
 30297 | Orc:1    | Found Cijas's Gadget Emporium.
 30591 | Orc:1    | Bought a wand of acid (12) for 384 gold pieces
 30874 | D:15     | Entered Level 15 of the Dungeon
 30883 | D:15     | Reached skill level 10 in Armour
 30895 | D:15     | Reached skill level 5 in Fire Magic
 31001 | D:15     | Reached XP level 17. HP: 98/104 MP: 32/32
 31858 | D:15     | Identified Roxanne's Compendium of Stones
 31858 | D:15     | Noticed Roxanne
 31868 | D:15     | Killed Roxanne
 31883 | D:15     | Learned a level 6 spell: Starburst
 31890 | D:15     | Learned a level 6 spell: Iron Shot
 32167 | D:15     | Found a staircase to the Depths.
 32918 | Swamp:1  | Entered Level 1 of the Swamp
 33429 | Swamp:1  | Noticed Donald
 33450 | Swamp:1  | Killed Donald
 33754 | Swamp:1  | Noticed a tentacled monstrosity
 33770 | Swamp:1  | Reached ****** piety under Vehumet
 33774 | Swamp:1  | Killed a tentacled monstrosity
 33901 | Swamp:1  | Offered knowledge of Fireball by Vehumet.
 33913 | Swamp:1  | Learned a level 5 spell: Fireball
 34760 | Swamp:1  | Found a runed translucent door.
 34760 | Swamp:1  | Noticed Aaksess's ghost (adept KoHu)
 35165 | Swamp:1  | Found an opulent altar of Gozag.
 35677 | Swamp:1  | Killed Aaksess's ghost
 35681 | Swamp:1  | Got a steaming ruby amulet
 35682 | Swamp:1  | Identified the amulet "Oxkosie" {Faith Dex+6} (You found it
                  | on level 1 of the Swamp)
 35922 | Swamp:2  | Found a frozen archway.
 35926 | IceCv    | Entered an ice cave
 37382 | IceCv    | Offered knowledge of Spellforged Servitor by Vehumet.
 38041 | IceCv    | Got a pair of faintly humming gloves
 38052 | IceCv    | Identified the +0 pair of gloves of a bazaar {rC+ Str+2
                  | Dex+3} (You found it in an ice cave)
 39055 | Swamp:3  | Reached XP level 18. HP: 111/111 MP: 34/34
 39923 | Swamp:4  | Entered Level 4 of the Swamp
 40061 | Swamp:4  | Found an ornate altar of the Wu Jian Council.
 41350 | Swamp:4  | Offered knowledge of Lehudib's Crystal Spear by Vehumet.
 42036 | Swamp:4  | Got a decaying rune of Zot
 42062 | Swamp:4  | Noticed the 27-headed Lernaean hydra
 42069 | Swamp:4  | Killed the 27-headed Lernaean hydra
 42622 | Spider:1 | Entered Level 1 of the Spider Nest
 42622 | Spider:1 | Noticed Louise
 43355 | Spider:1 | Killed Louise
 43355 | Spider:1 | Reached skill level 10 in Dodging
 44223 | Spider:2 | Offered knowledge of Shatter by Vehumet.
 44223 | Spider:2 | Offered knowledge of Chain Lightning by Vehumet.
 44223 | Spider:2 | Offered knowledge of Ignition by Vehumet.
 44320 | Spider:2 | Reached XP level 19. HP: 48/117 MP: 19/35
 45080 | Spider:2 | Reached skill level 15 in Earth Magic
 45237 | Spider:2 | Reached skill level 10 in Fire Magic
 46368 | Spider:3 | Noticed Azrael
 46375 | Spider:3 | Killed Azrael
 46383 | Spider:2 | Gained mutation: You are dopey. (Int -2) [mutagenic glow]
 46414 | Spider:2 | Gained mutation: Scrolls take you a little longer to read.
                  | [mutagenic glow]
 46476 | Spider:2 | Lost mutation: Scrolls take you a little longer to read.
                  | [potion of mutation]
 46476 | Spider:2 | Lost mutation: You are dopey. (Int -2) [potion of mutation]
 46476 | Spider:2 | Gained mutation: You have a pair of large antennae on your
                  | head. (SInv) [potion of mutation]
 46476 | Spider:2 | Gained mutation: You are agile. (Dex +2) [potion of
                  | mutation]
 46476 | Spider:2 | Gained mutation: Your flesh is heat resistant. (rF+)
                  | [potion of mutation]
 46483 | Spider:3 | Noticed Bai Suzhen
 46558 | Spider:2 | Gained mutation: Your body sometimes deteriorates upon
                  | taking damage. [mutagenic glow]
 46616 | Spider:2 | Killed Bai Suzhen
 47124 | Spider:3 | Learned a level 8 spell: Ignition
 47615 | Spider:3 | Noticed Agnes
 47626 | Spider:3 | Killed Agnes
 48064 | Spider:4 | Entered Level 4 of the Spider Nest
 49655 | Spider:4 | Identified Sif Muna's Volume of Harmful Intoxication
 49712 | Spider:4 | Reached XP level 20. HP: 124/124 MP: 1/37
 50478 | Spider:4 | Got a gossamer rune of Zot
 51111 | Elf:1    | Entered Level 1 of the Elven Halls
 51582 | Elf:1    | Found Iwky's Weapon Boutique.
 52175 | Elf:1    | Reached skill level 15 in Fire Magic
 52339 | Elf:1    | Found the +7 great mace "Undeadhunter" {disrupt, rN+}
 52542 | Elf:2    | Found a ruined gateway.
 52575 | Desolati | Entered the Desolation of Salt
 53000 | Desolati | Identified the ring "Iliak" {*Drain rF+ rN+ Dex+4}
 53103 | Desolati | Cast into level 3 of the Abyss (servant of whispers)
 53263 | Desolati | Escaped the Abyss
 53777 | Desolati | Reached XP level 21. HP: 128/129 MP: 20/38
 55094 | Elf:2    | Found a runed translucent gate.
 55094 | Elf:2    | Found a runed translucent gate.
 55096 | Elf:2    | Found a runed translucent gate.
 55096 | Elf:2    | Noticed Jyny's ghost (adept DEVM)
 55622 | Elf:2    | Killed Jyny's ghost
 55764 | Elf:2    | Got a slimy ivory ring
 55766 | Elf:2    | Got a vibrating marble ring
 55771 | Elf:2    | Identified the ring of Zurow {MR- Int+6 Stlth+} (You found
                  | it on level 2 of the Elven Halls)
 55772 | Elf:2    | Identified the ring "Imathel" {Ice *Corrode Str-2 Int+7
                  | Slay+5} (You found it on level 2 of the Elven Halls)
 56282 | Elf:2    | Found a runed translucent gate.
 56282 | Elf:2    | Found a runed translucent gate.
 56284 | Elf:2    | Found a runed translucent gate.
 56675 | D:8      | Bought a scroll of enchant armour for 240 gold pieces
 56675 | D:8      | Bought a potion of curing for 96 gold pieces
 56675 | D:8      | Bought a scroll of magic mapping for 112 gold pieces
 56843 | Elf:3    | Entered Level 3 of the Elven Halls
 57149 | Elf:3    | Found Poklil's Assorted Antiques.
 57160 | Elf:3    | Bought a wand of clouds (5) for 456 gold pieces
 57978 | Elf:3    | Found Sajoac's Weapon Shop.
 58355 | Elf:3    | Reached skill level 15 in Armour
 58450 | Elf:3    | Identified the Compendium of Snow and Feathers
 58659 | Elf:3    | Reached XP level 22. HP: 31/136 MP: 5/39
 59429 | Elf:3    | Identified the +3 morningstar of Wyrd {vorpal, rPois Str+3
                  | Int+3}
 59493 | Elf:3    | Identified the ring "Fiorraw" {MR+++ Str-4 Int-3 SInv
                  | Stlth+}
 59494 | Elf:3    | Identified the cursed ring "Nudohos" {EV-2 Slay+3}
 59495 | Elf:3    | Found the +9 staff of Olgreb {rPois∞}
 59618 | Elf:3    | Got a slimy pewter amulet
 59619 | Elf:3    | Identified the amulet "Oczifecs" {Gourm *Contam +Fly Int+2
                  | Stlth+} (You found it on level 3 of the Elven Halls)
 59707 | Elf:3    | Got a sparkling ivory amulet
 59708 | Elf:3    | Identified the amulet "Gokem" {RegenMP rN++ Dex+4} (You
                  | found it on level 3 of the Elven Halls)
 60081 | Vaults:1 | Entered Level 1 of the Vaults
 60752 | Vaults:1 | Noticed Asterion
 60764 | Vaults:1 | Killed Asterion
 61445 | Vaults:1 | Noticed Saint Roka
 61458 | Vaults:1 | Killed Saint Roka
 61683 | Vaults:1 | Cast into level 2 of the Abyss (a wizard)
 61683 | Abyss:2  | Found a corrupted altar of Lugonu.
 61792 | Abyss:2  | Paralysed by a great orb of eyes for 3 turns
 62493 | Abyss:2  | Reached skill level 15 in Conjurations
 62530 | Vaults:1 | Escaped the Abyss
 62985 | Vaults:1 | Paralysed by a wizard for 2 turns
 63248 | Vaults:1 | Found Biojebas's Antique Weapon Emporium.
 63548 | Vaults:1 | Reached XP level 23. HP: 131/143 MP: 41/41
 64445 | Vaults:2 | Learned a level 9 spell: Shatter
 64532 | Vaults:2 | Noticed Sojobo
 64543 | Vaults:2 | Killed Sojobo
 64905 | Vaults:2 | Noticed Mara
 64919 | Vaults:2 | Killed Mara
 64919 | Vaults:2 | Paralysed by a great orb of eyes for 3 turns
 65197 | Vaults:2 | Noticed Margery
 65203 | Vaults:2 | Killed Margery
 66594 | Vaults:3 | Noticed Aizul
 66615 | Vaults:3 | Killed Aizul
 66813 | Vaults:3 | Noticed Nikola
 66822 | Vaults:3 | Killed Nikola
 67329 | Vaults:3 | Reached skill level 15 in Fighting
 67330 | Vaults:3 | Reached XP level 24. HP: 96/150 MP: 26/41
 67344 | Vaults:3 | Found Boigg's Jewellery Emporium.
 67401 | Vaults:3 | Noticed Mennas
 67843 | Vaults:3 | Killed Mennas
 67928 | Vaults:3 | Noticed Jory
 67938 | Vaults:3 | Killed Jory
 68348 | Vaults:3 | Found a staircase to the Crypt.
 69335 | Vaults:4 | Found a radiant altar of Vehumet.
 69548 | Vaults:4 | Found Mebrelie's Book Emporium.
 69554 | Vaults:4 | Bought a manual of Fighting for 2208 gold pieces
 70081 | Vaults:5 | Entered Level 5 of the Vaults
 70347 | Crypt:1  | Entered Level 1 of the Crypt
 70640 | Crypt:1  | Reached skill level 15 in Spellcasting
 70755 | Crypt:1  | Paralysed by a vampire knight for 2 turns
 70771 | Crypt:1  | Reached XP level 25. HP: 60/157 MP: 3/42
 71294 | Crypt:1  | Paralysed by a vampire knight for 7 turns
 71863 | Crypt:2  | Identified the amulet "Onet" {RegenMP MP+9 Dex+6 Slay-6
                  | Stlth+} (You found it on level 2 of the Crypt)
 72578 | Crypt:3  | Entered Level 3 of the Crypt
 72796 | Crypt:3  | Noticed Zaowoih's ghost (veteran GrFi)
 72798 | Crypt:3  | Found a transporter.
 72929 | Crypt:3  | Paralysed by a vampire knight for 4 turns
 73647 | Crypt:3  | Found a transporter.
 74200 | Crypt:2  | Learned a level 4 spell: Dispel Undead
 74442 | Crypt:3  | Killed Zaowoih's ghost
 74718 | Crypt:3  | Found an ancient bone altar of Kikubaaqudgha.
 74721 | Crypt:3  | Found a basalt altar of Yredelemnul.
 74745 | Crypt:3  | Found the cursed +13 scythe of Curses {drain, *Curse}
 74812 | Crypt:3  | Identified the +3 leather armour of the Lobster {rPois
                  | Dex+4} (You found it on level 3 of the Crypt)
 74936 | Crypt:3  | Found a staircase to the Tomb.
 75125 | Crypt:3  | Paralysed by a vampire knight for 5 turns
 75486 | Vaults:5 | Reached skill level 15 in Maces & Flails
 75496 | Vaults:5 | Reached XP level 26. HP: 124/166 MP: 42/42
 75701 | Vaults:5 | Noticed Boris
 75789 | Vaults:5 | Killed Boris
 77145 | Vaults:5 | Found Libewk's Gadget Shoppe.
 77160 | Vaults:5 | Got a silver rune of Zot
 77164 | Vaults:5 | Found Hic Wide's Antique Armour Boutique.
 77319 | Vaults:5 | Identified Ziuczul's Handbook of Captivating Ice
 77583 | Depths:1 | Entered Level 1 of the Depths
 77612 | Depths:1 | Found a gateway to Hell.
 77635 | Depths:1 | Found Jaecah's Food Boutique.
 77673 | Depths:1 | Found a magical portal.
 77702 | WizLab   | Entered Cigotuvi's Fleshworks
 78065 | WizLab   | Got a fine marble ring
 78068 | WizLab   | Identified the ring "Qisharol" {*Slow +Inv rElec rPois MR+}
                  | (You found it in a wizard's laboratory)
 78101 | WizLab   | Reached XP level 27. HP: 174/174 MP: 43/43
 78127 | WizLab   | Identified the Guide on Transformation
 78137 | WizLab   | Identified Cigotuvi's Volume of Doomed Transformation
 79038 | Depths:1 | Paralysed by a sphinx for 4 turns
 79567 | Depths:2 | Upgraded the game from 0.25-a0-934-g041635d5d1 to
                  | 0.25-a0-939-g1e880d33e3
 79761 | Depths:2 | You are sucked into a shaft and drop 1 floor!
 80231 | Depths:2 | Found Plog's Gadget Emporium.
 80233 | Depths:2 | Found Bustrosch's Jewellery Boutique.
 80234 | Depths:2 | Found Jeofied's Gadget Emporium.
 80239 | Depths:2 | Bought a wand of acid (9) for 390 gold pieces
 80243 | Depths:2 | Bought a wand of acid (6) for 340 gold pieces
 80243 | Depths:2 | Bought a wand of acid (6) for 340 gold pieces
 80672 | Depths:2 | Paralysed by a vampire knight for 5 turns
 81407 | Depths:3 | Noticed Frederick
 81410 | Depths:3 | Killed Frederick
 81939 | Depths:3 | You are sucked into a shaft and drop 2 floors!
 81939 | Depths:5 | Entered Level 5 of the Depths
 81939 | Depths:5 | Found an ornate altar of the Wu Jian Council.
 81960 | Depths:5 | Noticed Boris
 81967 | Depths:5 | Killed Boris
 82919 | Depths:4 | Found a one-way gate to the infinite horrors of the Abyss.
 83017 | Depths:4 | Found a gateway to a ziggurat.
 83256 | Depths:4 | Identified the ring "Goit" {rPois MR- MP+9 Dex+9 Stlth-}
 84298 | Depths:3 | Found a one-way gate leading to the halls of Pandemonium.
 84801 | Depths:5 | Found a gate to the Realm of Zot.
 85641 | Zig:1    | Entered Level 1 of a ziggurat
 85681 | Zig:2    | Entered Level 2 of a ziggurat
 85712 | Zig:3    | Entered Level 3 of a ziggurat
 85863 | Zig:3    | Got a heavily runed platinum ring
 85864 | Zig:3    | Identified the ring "Qafoadan" {*Drain MR+ Dex+4 SInv
                  | Stlth+} (You found it on level 3 of a ziggurat)
 85868 | Zig:4    | Entered Level 4 of a ziggurat
 85870 | Zig:4    | Noticed tmanko2's ghost (legendary HOFi)
 85979 | Zig:4    | Killed tmanko2's ghost
 86288 | Zig:5    | Entered Level 5 of a ziggurat
 86321 | Zig:6    | Entered Level 6 of a ziggurat
 86355 | Zig:7    | Entered Level 7 of a ziggurat
 86362 | Zig:7    | Paralysed by a wizard for 7 turns
 86368 | Zig:7    | Cast into level 3 of the Abyss (a deep elf sorcerer)
 86597 | Abyss:3  | Identified the Guide on Venom and Enhancements
 86609 | Abyss:3  | Identified the cursed +0 robe "Moufavid" {rF- rN+ Regen+
                  | Int+4}
 86613 | Abyss:3  | Found a corrupted altar of Lugonu.
 86615 | Abyss:3  | Gained mutation: Your magical capacity is low. (-10% MP) [a
                  | cacodemon]
 86655 | Zig:7    | Escaped the Abyss
 86668 | Zig:7    | Reached skill level 15 in Dodging
 86840 | Zig:8    | Entered Level 8 of a ziggurat
 86877 | Zig:9    | Entered Level 9 of a ziggurat
 86897 | Zig:9    | Identified the Handbook of Contamination
 86939 | Zig:10   | Entered Level 10 of a ziggurat
 87062 | Zig:10   | Got a fine lead amulet
 87063 | Zig:10   | Identified the amulet of Xom's Bemusement {Acrobat rC+
                  | Stlth+} (You found it on level 10 of a ziggurat)
 87080 | Zig:11   | Entered Level 11 of a ziggurat
 87097 | Zig:11   | Found the +2 hood of the Assassin {Detection Stab+ Stlth++}
 87120 | Zig:11   | Identified the Volume of Feathers
 87134 | Zig:12   | Entered Level 12 of a ziggurat
 87187 | Zig:12   | Got a vibrating ivory ring
 87188 | Zig:12   | Identified the ring "Ubek" {*Drain rN+ Str+5 Stlth+} (You
                  | found it on level 12 of a ziggurat)
 87199 | Zig:13   | Entered Level 13 of a ziggurat
 87313 | Zig:13   | Found the +8 Wrath of Trog {antimagic, *Rage}
 87325 | Zig:13   | Identified Japuad's Compendium of Earthen Evil Rites
 87343 | Zig:13   | Identified the Grimoire of Mutagenic Creation
 87408 | Zig:14   | Entered Level 14 of a ziggurat
 87522 | Zig:15   | Entered Level 15 of a ziggurat
 87540 | Zig:15   | Noticed a greater mummy
 87540 | Zig:15   | Noticed a greater mummy
 87542 | Zig:15   | Noticed a greater mummy
 87543 | Zig:15   | Found the +8 lance "Wyrmbane" {slay drac, rPois rF+ rC+
                  | AC+3}
 87544 | Zig:16   | Entered Level 16 of a ziggurat
 87554 | Zig:16   | Noticed an ancient lich
 87554 | Zig:16   | Noticed an ancient lich
 87554 | Zig:16   | Noticed an ancient lich
 87556 | Zig:16   | Killed an ancient lich
 87557 | Zig:16   | Killed an ancient lich
 87557 | Zig:16   | Killed an ancient lich
 87607 | Zig:16   | Identified Sif Muna's Handbook of the Amoeba
 87624 | Zig:16   | Identified the Collected Works on Freezing Necromancy
 87630 | Zig:16   | Got a fine jade ring
 87647 | Zig:17   | Entered Level 17 of a ziggurat
 88120 | Zig:18   | Entered Level 18 of a ziggurat
 88128 | Zig:18   | Noticed an ancient lich
 88129 | Zig:18   | Noticed an ancient lich
 88131 | Zig:18   | Killed an ancient lich
 88132 | Zig:18   | Killed an ancient lich
 88132 | Zig:18   | Noticed an ancient lich
 88132 | Zig:18   | Noticed an ancient lich
 88135 | Zig:18   | Killed an ancient lich
 88135 | Zig:18   | Killed an ancient lich
 88147 | Zig:18   | Identified the Catalogue of Confrontation
 88151 | Zig:18   | Got a bound wooden ring
 88161 | Zig:18   | Got a smoking wooden ring
 88162 | Zig:18   | Identified the ring of the Thistle {Ice Str+2 Int+4 Slay-5}
                  | (You found it on level 18 of a ziggurat)
 88164 | Zig:18   | Identified the ring "Osmixud" {rPois MR+ Dex+3} (You found
                  | it on level 16 of a ziggurat)
 88166 | Zig:18   | Identified the ring "Utziynah" {Wiz Str+4 Dex+4} (You found
                  | it on level 18 of a ziggurat)
 88186 | Zig:18   | Got a slimy lead ring
 88189 | Zig:18   | Identified the ring "Nomeegus" {rF- rC+ rN+ MR+} (You found
                  | it on level 18 of a ziggurat)
 88200 | Zig:19   | Entered Level 19 of a ziggurat
 88225 | Zig:19   | Found the +0 mask of the Dragon {MR+ Slay+3 SInv}
 88355 | Zig:19   | Lost mutation: You are agile. (Dex +2) [potion of mutation]
 88355 | Zig:19   | Lost mutation: You have a pair of large antennae on your
                  | head. (SInv) [potion of mutation]
 88355 | Zig:19   | Gained mutation: You can translocate small distances at
                  | will. [potion of mutation]
 88355 | Zig:19   | Lost mutation: You can translocate small distances at will.
                  | [potion of mutation]
 88355 | Zig:19   | Gained mutation: You have sharp fingernails. [potion of
                  | mutation]
 88373 | Zig:20   | Entered Level 20 of a ziggurat
 88440 | Zig:20   | Got a warped lead amulet
 88441 | Zig:20   | Identified the amulet of the Jolly Moons {Spirit *Slow
                  | rElec rF+} (You found it on level 20 of a ziggurat)
 88445 | Zig:21   | Entered Level 21 of a ziggurat
 88668 | Zig:21   | Identified the ring of Wonder {rC+ MP+9 Int+6 Dex+8} (You
                  | found it on level 21 of a ziggurat)
 88732 | Zig:21   | Identified the Tome of the Captivating Rocks
 88752 | Zig:21   | Got a slimy zirconium amulet
 88753 | Zig:21   | Identified the amulet "Poadeschoargh" {Spirit rElec Slay+2
                  | Stlth+} (You found it on level 21 of a ziggurat)
 88756 | Zig:22   | Entered Level 22 of a ziggurat
 88819 | Zig:22   | Identified the +8 morningstar "Pashri" {protect, MR+ Int+5
                  | SInv} (You found it on level 22 of a ziggurat)
 88834 | Zig:22   | Identified the Disquisition on the Bewitching Birds
 88850 | Zig:22   | Learned a level 8 spell: Necromutation
 88859 | Zig:22   | Learned a level 8 spell: Death's Door
 88865 | Zig:23   | Entered Level 23 of a ziggurat
 88886 | Zig:23   | Reached skill level 1 in Transmutations
 88891 | Zig:23   | Reached skill level 1 in Necromancy
 88898 | Zig:23   | Reached skill level 1 in Charms
 88905 | Zig:23   | Reached skill level 5 in Necromancy
 88914 | Zig:23   | Found the +6 Majin-Bo {vamp, Archmagi MP+6 Int+6}
 89017 | Zig:23   | Got a shimmering wooden ring
 89018 | Zig:23   | Identified the ring of Elolaeg {Ice rElec rN+ Dex+4 Slay+2}
                  | (You found it on level 23 of a ziggurat)
 89024 | Zig:23   | Got a brightly glowing platinum ring
 89025 | Zig:23   | Identified the ring of Iraingi {rF+ rN+ Str+2} (You found
                  | it on level 23 of a ziggurat)
 89051 | Zig:24   | Entered Level 24 of a ziggurat
 89059 | Zig:24   | Noticed a juggernaut
 89059 | Zig:24   | Noticed a juggernaut
 89061 | Zig:24   | Noticed a juggernaut
 89062 | Zig:24   | Noticed a juggernaut
 89063 | Zig:24   | Noticed a juggernaut
 89063 | Zig:24   | Noticed a juggernaut
 89064 | Zig:24   | Noticed a juggernaut
 89065 | Zig:24   | Killed a juggernaut
 89065 | Zig:24   | Killed a juggernaut
 89065 | Zig:24   | Reached skill level 5 in Charms
 89066 | Zig:24   | Killed a juggernaut
 89066 | Zig:24   | Reached skill level 5 in Transmutations
 89066 | Zig:24   | Noticed a juggernaut
 89067 | Zig:24   | Killed a juggernaut
 89067 | Zig:24   | Killed a juggernaut
 89067 | Zig:24   | Killed a juggernaut
 89068 | Zig:24   | Killed a juggernaut
 89069 | Zig:24   | Killed a juggernaut
 89071 | Zig:24   | Noticed a juggernaut
 89075 | Zig:24   | Killed a juggernaut
 89075 | Zig:24   | Reached skill level 10 in Necromancy
 89079 | Zig:24   | Found the +3 robe of Folly {Archmagi, MR-- Int+5}
 89112 | Zig:24   | Got a smoking brass ring
 89113 | Zig:24   | Identified the ring "Lagoyke" {rF+ rC- Int+3 Dex+6} (You
                  | found it on level 24 of a ziggurat)
 89121 | Zig:24   | Identified the Compendium of Helpful Dislocation
 89135 | Zig:24   | Got a clouded amber ring
 89136 | Zig:24   | Identified the ring of the Death Scarab {rN+ MP-9 Dex+7
                  | Stlth+} (You found it on level 24 of a ziggurat)
 89168 | Zig:24   | Got a scintillating lead ring
 89169 | Zig:24   | Identified the ring "Teminymp" {+Blink EV+5} (You found it
                  | on level 24 of a ziggurat)
 89182 | Zig:24   | Identified the Disquisition on Companions
 89191 | Zig:25   | Entered Level 25 of a ziggurat
 89454 | Zig:25   | Found the +8 glaive of the Guard {elec, +Rage AC+5 SInv}
 89496 | Zig:25   | Got a faintly glowing amber ring
 89497 | Zig:25   | Identified the ring "Egukhler" {rPois rC+ rN+} (You found
                  | it on level 25 of a ziggurat)
 89548 | Zig:26   | Entered Level 26 of a ziggurat
 89623 | Zig:26   | Got a faintly glowing copper ring
 89624 | Zig:26   | Identified the ring "Rounuamn" {*Slow Slay+5 Stlth-} (You
                  | found it on level 26 of a ziggurat)
 89633 | Zig:26   | Identified the Handbook of Contamination and Stones
 89641 | Zig:26   | Got an ancient crystal amulet
 89642 | Zig:26   | Identified the amulet "Wujul" {Gourm *Corrode rElec rN+}
                  | (You found it on level 26 of a ziggurat)
 89656 | Zig:26   | Got a translucent marble ring
 89661 | Zig:26   | Reached skill level 15 in Necromancy
 89800 | Zig:27   | Entered Level 27 of a ziggurat
 90154 | Zig:27   | Got a scorched pewter ring
 90155 | Zig:27   | Identified the ring "Qeigres" {*Tele rF+ MR+} (You found it
                  | on level 27 of a ziggurat)
 90157 | Zig:27   | Identified Jikhlo's Almanac of Damaging Ignition
 90310 | D:15     | Identified the ring "Biziebub" {Str+3 Dex+3} (You found it
                  | on level 26 of a ziggurat)
 90326 | Zig:1    | Entered Level 1 of a ziggurat
 90346 | Zig:2    | Entered Level 2 of a ziggurat
 90379 | Zig:3    | Entered Level 3 of a ziggurat
 90455 | Zig:4    | Entered Level 4 of a ziggurat
 90486 | Zig:5    | Entered Level 5 of a ziggurat
 90504 | Zig:5    | Identified Kyumouck's Tome of Bewitching Enhancements
 90514 | Zig:5    | Got steaming pearl dragon scales
 90518 | Zig:6    | Entered Level 6 of a ziggurat
 90524 | Zig:6    | Noticed Afetous the pandemonium lord
 90532 | Zig:6    | Killed Afetous the pandemonium lord
 90542 | Zig:6    | Got a twitching copper ring
 90543 | Zig:6    | Identified the cursed ring "Uxatut" {+Blink rN+ Str-3 Dex+4
                  | Stlth+} (You found it on level 6 of a ziggurat)
 90598 | Zig:7    | Entered Level 7 of a ziggurat
 90791 | Zig:7    | Got a warped bronze ring
 90792 | Zig:7    | Identified the ring "Puckapoypu" {*Drain +Blink rPois rN+++
                  | Slay+4} (You found it on level 7 of a ziggurat)
 90796 | Zig:7    | Identified the +1 robe of Moral Flaws {MR- Int+2 Slay+2}
                  | (You found it on level 7 of a ziggurat)
 90808 | Zig:8    | Entered Level 8 of a ziggurat
 90817 | Zig:8    | Noticed Naimug Hoce the pandemonium lord
 90820 | Zig:8    | Killed Naimug Hoce the pandemonium lord
 90851 | Zig:9    | Entered Level 9 of a ziggurat
 90909 | Zig:9    | Got a clouded iron ring
 91010 | Zig:10   | Entered Level 10 of a ziggurat
 91048 | Zig:10   | Identified the Handbook of Aerial Talismans
 91052 | Zig:11   | Entered Level 11 of a ziggurat
 91094 | Zig:11   | Identified Eteeph's Compendium of Enthralling Enhancements
 91116 | Zig:11   | Learned a level 9 spell: Fire Storm
 91126 | Zig:11   | Learned a level 9 spell: Absolute Zero
 91243 | Zig:12   | Entered Level 12 of a ziggurat
 91252 | Zig:12   | Reached skill level 1 in Ice Magic
 91484 | Zig:12   | Got a twitching silver ring
 91485 | Zig:12   | Identified the ring "Oduola Fayd" {rF+ Dex+4 Stlth-} (You
                  | found it on level 12 of a ziggurat)
 91497 | Zig:13   | Entered Level 13 of a ziggurat
 91524 | Zig:13   | Reached skill level 5 in Ice Magic
 91547 | Zig:13   | Found the ring of Robustness {AC+8}
 91560 | Zig:13   | Identified the Reference Book on Orientation and the
                  | Arsonist
 91596 | Zig:13   | Identified the ring of Udicip {Dex+4 SInv} (You found it on
                  | level 9 of a ziggurat)
 91599 | Zig:14   | Entered Level 14 of a ziggurat
 91686 | Zig:14   | Found the +3 Elemental Staff {rElec rF++ rC++ MR++ AC+5}
 91686 | Zig:14   | Reached skill level 27 in Fighting
 91697 | Zig:14   | Found the +6 lightning scales {run, rElec}
 91707 | Zig:14   | Identified the Handbook of Attacks and Bewitchment
 91838 | Zig:15   | Entered Level 15 of a ziggurat
 91860 | Zig:15   | Paralysed by accursed screaming for 1 turns
 92090 | Zig:15   | Got a scintillating golden ring
 92091 | Zig:15   | Identified the ring "Vej Efuul" {rPois rN+ Str+7 Stlth+}
                  | (You found it on level 15 of a ziggurat)
 92099 | Zig:15   | Reached skill level 10 in Ice Magic
 92108 | Zig:15   | Got a vibrating platinum ring
 92109 | Zig:15   | Identified the ring of the Doge {rElec EV+2 Int+3 Dex-3
                  | SInv} (You found it on level 15 of a ziggurat)
 92112 | Zig:16   | Entered Level 16 of a ziggurat
 92118 | Zig:16   | Noticed an ancient lich
 92119 | Zig:16   | Noticed an ancient lich
 92120 | Zig:16   | Noticed an ancient lich
 92121 | Zig:16   | Noticed an ancient lich
 92122 | Zig:16   | Noticed an ancient lich
 92123 | Zig:16   | Killed an ancient lich
 92123 | Zig:16   | Killed an ancient lich
 92123 | Zig:16   | Killed an ancient lich
 92124 | Zig:16   | Killed an ancient lich
 92125 | Zig:16   | Killed an ancient lich
 92139 | Zig:16   | Got a twitching ivory amulet
 92140 | Zig:16   | Identified the amulet "Ighex" {Harm *Contam *Drain rPois
                  | Dex+4} (You found it on level 16 of a ziggurat)
 92149 | Zig:16   | Got a heavily runed turquoise ring
 92150 | Zig:16   | Identified the ring of the Suburbs {rN+++ Str+6 Dex-2 SInv
                  | Stlth+} (You found it on level 16 of a ziggurat)
 92250 | Zig:17   | Entered Level 17 of a ziggurat
 92265 | Zig:17   | Reached skill level 15 in Ice Magic
 92315 | Zig:17   | Got a coiled bronze ring
 92316 | Zig:17   | Identified the ring "Counuj" {*Slow MP+9 Dex+4 SInv Stlth+}
                  | (You found it on level 17 of a ziggurat)
 92319 | Zig:17   | Identified the +3 robe of the Trout {MR+ Int+3} (You found
                  | it on level 17 of a ziggurat)
 92322 | Zig:17   | Got a shimmering pewter ring
 92323 | Zig:17   | Identified the ring of Qashituco {Fire Int+5} (You found it
                  | on level 17 of a ziggurat)
 92354 | Zig:18   | Entered Level 18 of a ziggurat
 92363 | Zig:18   | Noticed Hiobo the pandemonium lord
 92367 | Zig:18   | Gained mutation: You are weak. (Str -2) [a cacodemon]
 92369 | Zig:18   | Cast into level 5 of the Abyss (Hiobo)
 92369 | Abyss:5  | Entered Level 5 of the Abyss
 92566 | Zig:18   | Escaped the Abyss
 92585 | Zig:18   | Killed Hiobo the pandemonium lord
 93291 | Zig:18   | Identified the Volume of Ensnaring Transmutation
 93300 | Zig:18   | Got a crude emerald amulet
 93301 | Zig:18   | Identified the amulet of Tabiv {RegenMP *Slow Str+3 Dex+6}
                  | (You found it on level 18 of a ziggurat)
 93308 | Zig:19   | Entered Level 19 of a ziggurat
 93318 | Zig:19   | Reached skill level 27 in Spellcasting
 93318 | Zig:19   | Noticed a greater mummy
 93318 | Zig:19   | Noticed a greater mummy
 93321 | Zig:19   | Killed a greater mummy
 93321 | Zig:19   | Killed a greater mummy
 93321 | Zig:19   | Noticed a greater mummy
 93321 | Zig:19   | Noticed a greater mummy
 93321 | Zig:19   | Noticed a greater mummy
 93323 | Zig:19   | Noticed a greater mummy
 93324 | Zig:19   | Killed a greater mummy
 93324 | Zig:19   | Killed a greater mummy
 93324 | Zig:19   | Killed a greater mummy
 93324 | Zig:19   | Noticed a greater mummy
 93326 | Zig:19   | Killed a greater mummy
 93328 | Zig:19   | Killed a greater mummy
 93721 | Zig:19   | Identified the Disquisition on Dislocated Fire
 93748 | Zig:19   | Identified Koymp's Volume of Gliding Stolen Souls
 93753 | Zig:20   | Entered Level 20 of a ziggurat
 93764 | Zig:20   | Noticed a greater mummy
 93764 | Zig:20   | Noticed a greater mummy
 93765 | Zig:20   | Noticed a greater mummy
 93765 | Zig:20   | Noticed a greater mummy
 93767 | Zig:20   | Noticed a greater mummy
 93767 | Zig:20   | Noticed a greater mummy
 93768 | Zig:20   | Noticed a greater mummy
 93769 | Zig:20   | Killed a greater mummy
 93770 | Zig:20   | Killed a greater mummy
 93770 | Zig:20   | Killed a greater mummy
 93770 | Zig:20   | Noticed a greater mummy
 93771 | Zig:20   | Killed a greater mummy
 93771 | Zig:20   | Killed a greater mummy
 93771 | Zig:20   | Killed a greater mummy
 93771 | Zig:20   | Killed a greater mummy
 93771 | Zig:20   | Noticed a greater mummy
 93773 | Zig:20   | Noticed a greater mummy
 93775 | Zig:20   | Noticed a greater mummy
 93775 | Zig:20   | Noticed a greater mummy
 93775 | Zig:20   | Noticed a greater mummy
 93775 | Zig:20   | Noticed a greater mummy
 93776 | Zig:20   | Killed a greater mummy
 93776 | Zig:20   | Killed a greater mummy
 93778 | Zig:20   | Killed a greater mummy
 93778 | Zig:20   | Killed a greater mummy
 93778 | Zig:20   | Killed a greater mummy
 93779 | Zig:20   | Killed a greater mummy
 93779 | Zig:20   | Killed a greater mummy
 93809 | Zig:20   | Got a pitted lapis lazuli ring
 93810 | Zig:20   | Identified the ring of Linearity {Wiz rPois rF- rC+ Int+9}
                  | (You found it on level 20 of a ziggurat)
 93812 | Zig:20   | Identified Apreg's Compendium of Displacement and Stones
 93818 | Zig:20   | Identified the ring "Bymoit" {rElec rPois rN+ Int-4 Stlth+}
                  | (You acquired it on level 20 of a ziggurat)
 93819 | Zig:20   | Found the +3 warlock's mirror {reflect}
 93846 | Zig:20   | Got a wavering steel ring
 93847 | Zig:20   | Identified the ring of Omebakhlo {rF+ Str+2} (You found it
                  | on level 20 of a ziggurat)
 93852 | Zig:20   | Got a crude amber ring
 93853 | Zig:20   | Identified the ring of the Modern Tables {+Fly Int+3} (You
                  | found it on level 20 of a ziggurat)
 93889 | Zig:20   | Learned a level 9 spell: Tornado
 93892 | Zig:21   | Entered Level 21 of a ziggurat
 93898 | Zig:21   | Noticed Fitirghan the pandemonium lord
 93900 | Zig:21   | Noticed Ejuc the pandemonium lord
 93900 | Zig:21   | Noticed Ozoemegamn the pandemonium lord
 93900 | Zig:21   | Noticed Locwehent the pandemonium lord
 93902 | Zig:21   | Noticed Tirphoish the pandemonium lord
 93903 | Zig:21   | Noticed Xaomis the pandemonium lord
 93903 | Zig:21   | Noticed Xiall the pandemonium lord
 93903 | Zig:21   | Noticed Odauluacs the pandemonium lord
 93903 | Zig:21   | Noticed Pykkeb the pandemonium lord
 93903 | Zig:21   | Noticed Osauzad the pandemonium lord
 93903 | Zig:21   | Noticed Inuos the pandemonium lord
 93903 | Zig:21   | Noticed Lekooron the pandemonium lord
 93904 | Zig:21   | Noticed Julita the pandemonium lord
 93904 | Zig:21   | Reached skill level 1 in Air Magic
 93904 | Zig:21   | Noticed Vufo Rida the pandemonium lord
 93905 | Zig:21   | Noticed Lott the pandemonium lord
 93905 | Zig:21   | Noticed Dosmicae the pandemonium lord
 93905 | Zig:21   | Noticed Denounn the pandemonium lord
 93905 | Zig:21   | Noticed Tonk the pandemonium lord
 93905 | Zig:21   | Noticed Avyiwn the pandemonium lord
 93906 | Zig:21   | Killed Fitirghan the pandemonium lord
 93906 | Zig:21   | Reached skill level 5 in Air Magic
 93907 | Zig:21   | Killed Ozoemegamn the pandemonium lord
 93907 | Zig:21   | Killed Lott the pandemonium lord
 93907 | Zig:21   | Killed Denounn the pandemonium lord
 93907 | Zig:21   | Reached skill level 10 in Air Magic
 93907 | Zig:21   | Killed Tirphoish the pandemonium lord
 93907 | Zig:21   | Killed Avyiwn the pandemonium lord
 93908 | Zig:21   | Mangled by Xaomis the pandemonium lord

Levels and vault maps discovered:
D:1:      minmay_arrival_cross, layout_loops_cross
D:2:      layout_rooms, nicolae_overflow_crystal_walls
D:3:      layout_basic, chequers_ecumenical_altar_simple,
          nicolae_ru_the_path_less_chosen
D:4:      layout_cave_pools, cheibrodos_sewer_entry_bend
D:5:      minmay_diamond_boxcup, layout_loops_ring, bloody_trog,
          nicolae_gozag_cash_rules_everything_around_me, first_ration,
          kennysheep_small_circle, uniq_sigmund
D:6:      layout_basic, dancing_weapons_uskayaw,
          minmay_temple_entry_sparse_star, uniq_duvessa
D:7:      layout_gridville, grunt_qazlal_sundering
D:8:      layout_gridville, vehumet_statue, serial_shops, shop, grunt_ogre_cave,
          kb_rosetta
D:9:      layout_basic, lair_entry_dummy, gammafunk_ghost_stat_death
D:10:     layout_roguey, orc_0_dummy
D:11:     minmay_distorted_concentric_squares, layout_basic, elyvilon_altar_1,
          uniq_erica, uniq_erolcha
D:12:     layout_basic, billiards_dpeg, uniq_jorgrun
D:13:     layout_loops_cross, ximxim_vaults_locker_room, serial_shops,
          kennysheep_little_box, einodemon_barbed_minivault
D:14:     layout_basic, serial_shops, shop, corexii_corridor_pit,
          minivault_25_ag, kennysheep_kite_vault, uniq_frances
D:15:     grunt_enter_depths_hoard, layout_cave_pools, serial_park,
          serial_park_gazebo [serial_park_minivault_5x5_8],
          serial_park_tiny_pond, serial_park_square1
          [serial_park_minivault_5x5_1], serial_park_square3
          [serial_park_minivault_5x5_5], uniq_roxanne
Temple:   regret_index_temple_sphere_string
Lair:1:   layout_roguey, minivault_24, st_stairs_8, dpeg_stationary_puzzle,
          uniq_grum
Lair:2:   layout_small_grid, minmay_swamp_entry_reptiles,
          spider_nest_entry_rubble, uniq_gastronok
Lair:3:   layout_cave_pods, grunt_megastairs_3, uniq_rupert
Lair:4:   layout_long_grid, grunt_forest_small_clearings
Lair:5:   layout_loops_ring, gauntlet_entry_generic, serial_bayou_shore_a,
          grunt_megastairs_2
Lair:6:   minmay_lair_end_frog_pond, layout_regular_city, slime_altar_1
Swamp:1:  layout_basic_swamp, gammafunk_ghost_grave, nicolae_swamp_godswood,
          uniq_donald
Swamp:2:  layout_basic_swamp, portal_ice_cave_entry_pillars_three,
          hangedman_swamp_blocks, swamp_pool2
Swamp:3:  layout_basic_swamp, infiniplex_staircase_pool, swamp_pool1
Swamp:4:  swamp_basic_johnstein, layout_basic_swamp, swamp_pool3,
          lemuel_altar_in_water, infiniplex_staircase_pool_2
Spider:1: layout_spider_delve, minmay_another_anthill, uniq_louise
Spider:2: spider_temple_joshua
Spider:3: layout_spider_delve, uniq_azrael, uniq_agnes, uniq_bai_suzhen
Spider:4: grunt_spider_rune_parallel
Orc:1:    layout_caves, basic_altar, serial_shops, shop
Orc:2:    grunt_orc_tribal_feast, layout_caves, uniq_urug, uniq_nessos
Elf:1:    eino_elf_arrival_the_gate, layout_geoelf_octagon, serial_shops,
          nicolae_shop_crystal, kennysheep_underground_church
Elf:2:    layout_gridlike, gammafunk_ghost_split, portal_desolation_entry_salt,
          minmay_misc_feat_rows
Elf:3:    elf_hall, layout_loops_corners, serial_shops,
          nicolae_shop_behind_doors, shop, minmay_the_grid_square_5x5_3x3_mashed
          [minmay_the_grid_square_5x5_minivault,
          minmay_the_grid_square_5x5_hourglass,
          minmay_the_grid_square_5x5_longway,
          minmay_the_grid_square_5x5_bracketed,
          minmay_the_grid_square_5x5_megaprize_crossed,
          minmay_the_grid_square_5x5_intrusive_squares,
          minmay_the_grid_square_5x5_shuriken,
          minmay_the_grid_square_5x5_tetrominoes,
          minmay_the_grid_square_5x5_slash]
Vaults:1: v_misc_33, nicolae_vaults_circle_grid_b, vaults_room_grid,
          nicolae_vaults_know_your_exits, nicolae_vaults_angled_halls,
          v_misc_12, vaults_dpeg_spiral, vaults_room_grunt_arrival_ludios,
          vaults_standard_mumra_enter_the_diamond, v_rooms_6,
          nicolae_vaults_alarming, layout_vaults_big_cross, serial_shops, shop,
          uniq_asterion, uniq_saint_roka
Vaults:2: ontoclasm_vaults_tryst, nicolae_vaults_what_the_h, st_lines,
          vaults_standard_mumra_enter_the_diamond, hangedman_vaults_nodes,
          nicolae_vaults_windows_and_doors_thing, vaults_room_large_hall,
          ontoclasm_vaults_eye, nicolae_vaults_rhombus_7,
          vaults_mumra_minichess, vaults_mumra_lcd, layout_vaults_omnigrid,
          uniq_sojobo, uniq_mara, uniq_margery
Vaults:3: minmay_crypt_entry_simple_walls, v_rooms_2, v_rooms_1,
          dpeg_vaults_monster_box, vaults_dpeg_diagonal, v_misc_18,
          v_alt_pattern_4, vaults_room_door_ring, v_misc_5,
          nicolae_vaults_network_s, grunt_vaults_diagonal,
          layout_vaults_maze_bifur, serial_shops, shop, uniq_mennas, uniq_aizul,
          uniq_jory, uniq_nikola
Vaults:4: nicolae_vaults_quadrants, ontoclasm_vaults_misaligned, v_misc_13,
          hangedman_vaults_trim, vaults_room_octagon,
          nicolae_vaults_little_squares_1, hangedman_vaults_pinch, v_misc_8,
          v_misc_30, hangedman_vaults_snaps, v_misc_5, vaults_room_hallway,
          v_misc_22, layout_vaults_omnibox, basic_altar, serial_shops,
          nicolae_shop_waterfront
Vaults:5: uniq_boris
Crypt:1:  layout_chaotic_city, roderic_lattice_octagonal_star
Crypt:2:  layout_rooms
Crypt:3:  lightli_unholy_cathedral, layout_chaotic_city,
          tomb_entry_forgotten_bobbens, gammafunk_ghost_arena, minivault_23,
          nicolae_crypt_ancient_font, grunt_ministairs_15, hex_medium
Depths:1: layout_forbidden_donut, infiniplex_enter_wizlab_water,
          nrook_mini_vaults, grunt_metal_band, serial_shops, nicolae_shop_stone,
          hangedman_glass_teeth, solitary_fountain,
          hangedman_abyss_or_decor_slice, lightli_minifort
Depths:2: minmay_outward_triangles, layout_basic, bh_walls_and_bars, hell_entry,
          infiniplex_staircase_diamond, minmay_shop_grove
Depths:3: kennysheep_funnel, layout_cave_pools, rand_demon_pan_entry_8,
          hell_entry, serial_bayou_shore_b, infiniplex_staircase_pool_lava,
          serial_bayou_shore_b, uniq_frederick
Depths:4: minmay_inside_and_out, layout_basic, enter_ziggurat_b, hell_entry,
          abyss_entry, corexii_leaking_fountain, infiniplex_staircase_zigzag_4
Depths:5: grunt_zot_entry_tricorne, layout_cave_pools, serial_column_ruins,
          column_ruins_temple_circle, column_ruins_columns_straight,
          column_ruins_corridor_corner, column_ruins_corridor_T,
          column_ruins_open_tiny, column_ruins_open_small,
          column_ruins_columns_straight, minivault_11, hell_entry
Zig:21:   ziggurat_pillar_centre_c, ziggurat_pillar_centre_c,
          ziggurat_pillar_centre_c, ziggurat_pillar_centre_c

Skill      XL: |  1  2  3  4  5  6  7  8  9 10 11 12 13 14 15 16 17 18 19 20 21 22 23 24 25 26 27 |
---------------+----------------------------------------------------------------------------------+-----
Earth Magic    | 4 5 6 7 8 9 10 11 12 13 14 15 16 17 18 19 20 22 | 22.0
Conjurations   | 1 2 3 4 5 6 7 8 9 10 11 12 13 14 15 16 17 18 21 | 21.2
Spellcasting   | 3 4 5 6 7 8 9 10 11 12 13 14 15 16 27 | 27.0
Fighting       | 2 4 5 6 7 9 10 11 12 13 14 15 17 18 27 | 27.0
Armour         | 2 4 5 6 8 10 11 13 14 15 16 17 | 17.0
Maces & Flails | 2 3 4 6 7 8 9 10 11 12 13 14 15 17 | 17.0
Evocations     | 2 3 4 5 6 |  6.0
Dodging        | 2 3 4 5 6 7 8 9 10 11 12 13 15 | 15.0
Shields        | 4 |  4.0
Fire Magic     | 5 7 9 12 15 16 17 18 19 22 | 22.0
Transmutations | 8 |  8.0
Necromancy     | 17 | 17.1
Charms         | 8 |  8.0
Ice Magic      | 22 | 22.0
Air Magic      | 10 | 10.6
Stealth        | |  2.1

Action                   |  1- 3 |  4- 6 |  7- 9 | 10-12 | 13-15 | 16-18 | 19-21 | 22-24 | 25-27 || total
-------------------------+-------+-------+-------+-------+-------+-------+-------+-------+-------++-------
Melee: Club              |    18 |       |       |       |       |       |       |       |       ||    18
       Mace              |    57 |       |       |       |       |       |       |       |       ||    57
       Whip              |    38 |    85 |   350 |   302 |   122 |       |       |       |       ||   897
       Great mace        |       |       |       |       |   458 |  1118 |   803 |       |       ||  2379
       Morningstar       |       |       |       |       |       |       |   163 |    56 |       ||   219
       Demon whip        |       |       |       |       |       |       |       |  1029 |  1237 ||  2266
       Unarmed           |       |       |       |       |       |       |       |       |     1 ||     1
Throw: Throwing net      |       |       |       |       |     1 |       |       |       |       ||     1
 Cast: Sandblast         |    11 |    25 |    87 |   238 |    74 |   179 |    65 |    14 |    15 ||   708
       Lee's Rapid Decon |       |       |     1 |    22 |    17 |    66 |    56 |    18 |    10 ||   190
       Stone Arrow       |       |       |       |    12 |    48 |    71 |       |     2 |       ||   133
       Irradiate         |       |       |       |       |       |    70 |    34 |     1 |       ||   105
       Bolt of Magma     |       |       |       |       |       |    33 |    17 |       |       ||    50
       Mephitic Cloud    |       |       |       |       |       |     2 |       |       |       ||     2
       Iron Shot         |       |       |       |       |       |    68 |   128 |   140 |   170 ||   506
       Fireball          |       |       |       |       |       |    14 |     4 |     6 |       ||    24
       Starburst         |       |       |       |       |       |       |     9 |     1 |     1 ||    11
       Ignition          |       |       |       |       |       |       |    46 |    69 |    93 ||   208
       Shatter           |       |       |       |       |       |       |       |     8 |   392 ||   400
       Dispel Undead     |       |       |       |       |       |       |       |       |     6 ||     6
       Death's Door      |       |       |       |       |       |       |       |       |     2 ||     2
       Fire Storm        |       |       |       |       |       |       |       |       |     2 ||     2
       Necromutation     |       |       |       |       |       |       |       |       |     2 ||     2
 Abil: Fly               |       |       |       |       |     1 |       |       |       |     1 ||     2
       Stop Flying       |       |       |       |       |       |       |     1 |       |     1 ||     2
       Evoke Flight      |       |       |       |       |       |       |       |       |     1 ||     1
Evoke: Wand              |       |       |       |    10 |    17 |    10 |     8 |     5 |    22 ||    72
       Box of beasts     |       |       |       |       |       |     1 |       |     4 |       ||     5
       Lightning rod     |       |       |       |       |       |       |       |     3 |       ||     3
       Phantom mirror    |       |       |       |       |       |       |       |     2 |       ||     2
       Figurine of a zig |       |       |       |       |       |       |       |       |     1 ||     1
  Use: Scroll            |       |    10 |    12 |    11 |     8 |    28 |    25 |     6 |    82 ||   182
       Potion            |       |       |     4 |     5 |    10 |    11 |    15 |     7 |    40 ||    92
 Stab: Sleeping          |     5 |     1 |     4 |     1 |     2 |     4 |     3 |    13 |     3 ||    36
       Distracted        |       |       |       |     1 |     1 |     1 |     1 |     6 |     4 ||    14
       Held in net/web   |       |       |       |       |       |       |     1 |       |       ||     1
  Eat: Chunk             |     3 |     6 |    19 |    27 |    28 |   106 |    85 |    51 |   112 ||   437
       Ration            |       |       |       |       |       |     5 |     7 |     2 |    12 ||    26
Armor: Robe              |    47 |    32 |   152 |   173 |   399 |   453 |   148 |       |       ||  1404
       Steam dragon scal |       |       |       |       |       |   827 |   980 |   259 |   811 ||  2877
Dodge: Dodged            |    86 |    72 |   203 |   270 |   530 |  1885 |  1585 |   478 |  1193 ||  6302
Block: Buckler           |       |       |       |       |       |       |    78 |   347 |   767 ||  1192

Table legend:
 A = Non-vault XP
 B = Vault XP
 C = Vault XP percentage of total XP
 D = Non-vault monster count
 E = Vault monster count
 F = Vault count percentage of total count
                 A         B        C        D         E       F
            +---------+---------+-------+---------+---------+-------
      Total | 2601266 |  731854 |  22.0 |    3431 |    1022 |  23.0
            +---------+---------+-------+---------+---------+-------
        D:1 |      48 |       0 |   0.0 |      27 |       0 |   0.0
        D:2 |      54 |       0 |   0.0 |      14 |       0 |   0.0
        D:3 |     191 |       0 |   0.0 |      18 |       0 |   0.0
        D:4 |     421 |      10 |   2.3 |      20 |       2 |   9.1
        D:5 |     357 |     589 |  62.3 |      18 |       7 |  28.0
        D:6 |     727 |     227 |  23.8 |      15 |       2 |  11.8
        D:7 |    1356 |       0 |   0.0 |      34 |       0 |   0.0
        D:8 |    1929 |    1089 |  36.1 |      29 |       6 |  17.1
        D:9 |    1299 |       0 |   0.0 |      15 |       0 |   0.0
       D:10 |     519 |       0 |   0.0 |      13 |       0 |   0.0
       D:11 |    6126 |    4101 |  40.1 |      42 |      10 |  19.2
       D:12 |    6507 |    4082 |  38.5 |      47 |       4 |   7.8
       D:13 |    3224 |    4594 |  58.8 |      16 |      18 |  52.9
       D:14 |   14651 |    8284 |  36.1 |      39 |      17 |  30.4
       D:15 |   14322 |    6167 |  30.1 |      31 |       8 |  20.5
     Lair:1 |    3717 |    1179 |  24.1 |      24 |       6 |  20.0
     Lair:2 |    6810 |    5402 |  44.2 |      27 |      10 |  27.0
     Lair:3 |    4701 |    3749 |  44.4 |      18 |       3 |  14.3
     Lair:4 |    4645 |     206 |   4.2 |      16 |       1 |   5.9
     Lair:5 |    4267 |    1208 |  22.1 |      16 |       5 |  23.8
     Lair:6 |    7538 |   12076 |  61.6 |      18 |      46 |  71.9
    Swamp:1 |   25765 |    3972 |  13.4 |      53 |       2 |   3.6
    Swamp:2 |    5789 |       0 |   0.0 |      16 |       0 |   0.0
    Swamp:3 |    5304 |       0 |   0.0 |      15 |       0 |   0.0
    Swamp:4 |   18206 |   20434 |  52.9 |      53 |      29 |  35.4
   Spider:1 |    9463 |    5794 |  38.0 |      27 |      26 |  49.1
   Spider:2 |   21596 |   20865 |  49.1 |      64 |      29 |  31.2
   Spider:3 |   23903 |    4882 |  17.0 |      57 |      10 |  14.9
   Spider:4 |   24607 |   22267 |  47.5 |      65 |      50 |  43.5
      Orc:1 |    5583 |       0 |   0.0 |      28 |       0 |   0.0
      Orc:2 |    5549 |    9591 |  63.3 |      51 |      31 |  37.8
      Elf:1 |   18598 |    6157 |  24.9 |      33 |      10 |  23.3
      Elf:2 |   20575 |   10116 |  33.0 |      34 |      15 |  30.6
      Elf:3 |   20872 |   57673 |  73.4 |      34 |      49 |  59.0
   Vaults:1 |   58394 |   24632 |  29.7 |      92 |      41 |  30.8
   Vaults:2 |   48188 |   53404 |  52.6 |      81 |      53 |  39.6
   Vaults:3 |   18668 |   35820 |  65.7 |      26 |      35 |  57.4
   Vaults:4 |   20143 |   26937 |  57.2 |      44 |      22 |  33.3
   Vaults:5 |   52951 |  121811 |  69.7 |      72 |      92 |  56.1
    Crypt:1 |   29719 |       0 |   0.0 |      44 |       0 |   0.0
    Crypt:2 |   19810 |       0 |   0.0 |      27 |       0 |   0.0
    Crypt:3 |   30359 |   64991 |  68.2 |      44 |      46 |  51.1
   Depths:1 |   44240 |    7182 |  14.0 |      66 |       8 |  10.8
   Depths:2 |   21837 |   11313 |  34.1 |      30 |       7 |  18.9
   Depths:3 |   21352 |    9378 |  30.5 |      20 |       6 |  23.1
   Depths:4 |   48251 |   20773 |  30.1 |      46 |      14 |  23.3
   Depths:5 |   76146 |   19138 |  20.1 |      72 |      14 |  16.3
    Abyss:2 |   15852 |    3731 |  19.1 |      27 |       7 |  20.6
    Abyss:3 |   17562 |   10614 |  37.7 |      31 |      46 |  59.7
    Abyss:5 |   13243 |    7962 |  37.5 |      25 |      18 |  41.9
      Zig:1 |    3863 |       0 |   0.0 |       3 |       0 |   0.0
      Zig:2 |    4286 |       0 |   0.0 |      10 |       0 |   0.0
      Zig:3 |   13047 |       0 |   0.0 |       9 |       0 |   0.0
      Zig:4 |   17411 |       0 |   0.0 |      12 |       0 |   0.0
      Zig:5 |   17842 |       0 |   0.0 |      18 |       0 |   0.0
      Zig:6 |   29201 |       0 |   0.0 |      19 |       0 |   0.0
      Zig:7 |   23051 |    2494 |   9.8 |      32 |       4 |  11.1
      Zig:8 |   42736 |       0 |   0.0 |      29 |       0 |   0.0
      Zig:9 |   39893 |       0 |   0.0 |      36 |       0 |   0.0
     Zig:10 |   55449 |       0 |   0.0 |      37 |       0 |   0.0
     Zig:11 |   34634 |       0 |   0.0 |      71 |       0 |   0.0
     Zig:12 |   44249 |       0 |   0.0 |      54 |       0 |   0.0
     Zig:13 |   56071 |       0 |   0.0 |      82 |       0 |   0.0
     Zig:14 |   72517 |       0 |   0.0 |      66 |       0 |   0.0
     Zig:15 |   40294 |       0 |   0.0 |      62 |       0 |   0.0
     Zig:16 |  156004 |    2079 |   1.3 |      62 |       4 |   6.1
     Zig:17 |   90078 |       0 |   0.0 |     102 |       0 |   0.0
     Zig:18 |  144165 |       0 |   0.0 |      91 |       0 |   0.0
     Zig:19 |  122617 |       0 |   0.0 |     151 |       0 |   0.0
     Zig:20 |  164987 |       0 |   0.0 |     147 |       0 |   0.0
     Zig:21 |  128806 |    6648 |   4.9 |      88 |       8 |   8.3
     Zig:22 |   52540 |       0 |   0.0 |      63 |       0 |   0.0
     Zig:23 |   67380 |       0 |   0.0 |      70 |       0 |   0.0
     Zig:24 |  108984 |       0 |   0.0 |      70 |       0 |   0.0
     Zig:25 |   81637 |       0 |   0.0 |      54 |       0 |   0.0
     Zig:26 |   72932 |       0 |   0.0 |     124 |       0 |   0.0
     Zig:27 |   90658 |       0 |   0.0 |      95 |       0 |   0.0
      IceCv |       0 |    9054 | 100.0 |       0 |      54 | 100.0
     WizLab |       0 |   34023 | 100.0 |       0 |      69 | 100.0
 Desolation |       0 |   41994 | 100.0 |       0 |      68 | 100.0
   Gauntlet |       0 |    3162 | 100.0 |       0 |      10 | 100.0
            +---------+---------+-------+---------+---------+-------
